 Dungeon Crawl Stone Soup version 0.17-a0-1900-g45e8110 (webtiles) character file.

1525498 achirane the Conqueror (level 27, -9/249 HPs)
             Began as a Formicid Fighter on Sept 22, 2015.
             Was the Champion of Makhleb.
             Mangled by Suur the pandemonium lord (12 damage)
             ... on level 23 of a ziggurat on Sept 24, 2015.
             The game lasted 1 day 01:25:12 (143916 turns).

achirane the Conqueror (Formicid Fighter)     Turns: 143916, Time: 1 , 01:25:12

Health: -9/249     AC: 35    Str: 33 (35) XL:     27
Magic:  41/54      EV: 30    Int: 17      God:    Makhleb [******]
Gold:   16938      SH: 16    Dex: 17      Spells: 13 memorised, 0 levels left

rFire  + + +     SeeInvis +     a - +9 executioner's axe (flame)
rCold  + . .     Clarity  +     k - +8 fire dragon armour {rF++, rC-}
rNeg   . . .     SustAt   .     S - +0 shield of the Blacksmith {-Tele rCorr Str+10}
rPois  .         Gourm    .     (helmet unavailable)
rElec  +         Spirit   .     d - +2 cloak of Starlight {rElec rC+ EV+4 Stlth--}
rCorr  +         Warding  .     g - +2 pair of gloves {Dex+3}
rMut   .         Stasis   +     p - +2 pair of boots {run}
MR     ++...                    (no amulet)
Stlth  +++++.....               (no ring)
                                c - ring "Caenoj" {-Tele rF+ rC+ MP+9 Int+4}

@: darkness, deflect missiles, quick, very resistant to hostile enchantments,
quite stealthy
A: permanent stasis, dig shafts and tunnels, four strong arms, antennae 3, beak,
clarity, electricity resistance
a: Dig, Shaft Self, Minor Destruction, Lesser Servant of Makhleb, Major
Destruction, Greater Servant of Makhleb, Renounce Religion
}: 15/15 runes: barnacled, slimy, silver, golden, iron, obsidian, icy, bone,
abyssal, demonic, glowing, magical, fiery, dark, gossamer


You were on level 23 of a ziggurat.
You worshipped Makhleb.
Makhleb was exalted by your worship.
You were not hungry.

You visited 17 branches of the dungeon, and saw 94 of its levels.
You visited Pandemonium 1 time, and saw 20 of its levels.
You visited the Abyss 4 times.
You visited 1 ziggurat, and saw 23 of its levels.
You also visited: Labyrinth, Ice Cave, Volcano and Wizlab.

You collected 19315 gold pieces.
You spent 2377 gold pieces at shops.

Inventory:

Hand weapons
 a - a +9 executioner's axe of flaming (weapon)
   (You took it off a chaos champion in Pandemonium)
 f - the +7 executioner's axe "Pugiawon" {vamp, *Corrode rN++ Str+6}
   (You found it on level 3 of the Abyss)

   It inflicts no extra harm, but heals its wielder somewhat when it strikes a
   living foe.
   It affects your strength (+6).
   It greatly protects you from negative energy.
   It may corrode your equipment when you take damage.
 h - the +7 triple crossbow "Ycwoad" {penet, MP-9 Int+3 Dex+7}
   (You found it on level 7 of Gehenna)

   Ammo fired by it will pass through the targets it hits, potentially hitting
   all targets in its path until it reaches maximum range.
   It affects your intelligence (+3).
   It affects your dexterity (+7).
   It affects your magic capacity (-9).
 C - a +9 battleaxe of freezing
   (You took it off a frost giant on level 2 of the Depths)
Missiles
 l - 1516 bolts
 A - 12 throwing nets {=f, !d}
 J - 15 steel javelins (quivered)
Armour
 d - the +2 cloak of Starlight (worn) {rElec rC+ EV+4 Stlth--}
   (You found it on level 3 of the Elven Halls)

   It affects your evasion (+4).
   It protects you from cold.
   It insulates you from electricity.
   It makes you much less stealthy.
 g - a +2 pair of gloves of dexterity (worn)
   (You took it off Nikola on level 1 of the Vaults)
 k - a +8 fire dragon armour (worn) {rF++, rC-}
   (You found it on level 1 of the Vaults)
 p - a +2 pair of boots of running (worn)
   (You found it on level 7 of the Iron City of Dis)
 S - the +0 shield of the Blacksmith (worn) {-Tele rCorr Str+10}
   (You found it on level 3 of the Abyss)

   It affects your strength (+10).
   It prevents most forms of teleportation.
   It protects you from acid and corrosion.
Rods
 O - a +9 rod of inaccuracy (17/17) {!a}
   (You found it on level 18 of a ziggurat)
Jewellery
 c - the ring "Caenoj" (left hand) {-Tele rF+ rC+ MP+9 Int+4}
   (You found it on level 5 of the Vaults)

   [ring of intelligence]

   It affects your intelligence (+4).
   It protects you from fire.
   It protects you from cold.
   It affects your magic capacity (+9).
   It prevents most forms of teleportation.
 r - the amulet "Qemikan" {Clar Str+7}
   (You took it off a minotaur in a labyrinth)

   [amulet of clarity]

   It provides mental clarity.
   It affects your strength (+7).
 v - the amulet "Byakiar" {Ward rN+ MR+ Str+2}
   (You found it on level 1 of the Vaults)

   [amulet of warding]

   It may prevent the melee attacks of summoned creatures.
   It affects your strength (+2).
   It protects you from negative energy.
   It affects your resistance to hostile enchantments.
 E - a cursed amulet of regeneration {+regen, !d}
   (You found it in Pandemonium)
 L - the ring of Perfectionism {rC+ Str+5 Dex+3}
   (You found it on level 3 of the Depths)

   [ring of dexterity]

   It affects your strength (+5).
   It affects your dexterity (+3).
   It protects you from cold.
 M - an uncursed ring of sustain attributes
   (You found it on level 3 of the Shoals)
 Q - the ring "Koasyr" {+Inv rElec rPois MR+ Int+2}
   (You found it on level 12 of a ziggurat)

   [ring of invisibility]

   It affects your intelligence (+2).
   It insulates you from electricity.
   It protects you from poison.
   It affects your resistance to hostile enchantments.
   It lets you turn invisible.
 Y - the amulet of Sakko {rMut Str+6 Int+4}
   (You found it on level 15 of a ziggurat)

   [amulet of resist mutation]

   It protects you from mutation.
   It affects your strength (+6).
   It affects your intelligence (+4).
Magical devices
 b - a wand of fireball (6)
   (You found it on level 5 of the Dungeon)
 H - a wand of disintegration (6)
   (You took it off Maurice on level 9 of the Dungeon)
 N - a wand of lightning (7)
   (You found it on level 2 of the Spider Nest)
 R - a wand of heal wounds (5)
   (You found it in Pandemonium)
 T - a wand of cold (11)
   (You found it in an ice cave)
 U - a wand of invisibility (5)
   (You found it on level 4 of the Realm of Zot)
 W - a wand of digging (8)
   (You found it on level 4 of the Spider Nest)
 Z - a wand of fire (6)
   (You found it on level 3 of the Vaults)
Scrolls
 i - 18 scrolls of enchant weapon
 j - 27 scrolls of identify
 q - 13 scrolls of recharging
 s - 5 scrolls of summoning
 t - 22 scrolls of remove curse
 w - 9 scrolls of fear
 y - 2 scrolls of immolation {!r}
 z - a scroll of brand weapon
 F - 2 scrolls of enchant armour
 I - 4 scrolls of magic mapping {!r}
 K - a scroll of holy word {!r!r}
 X - 13 scrolls of fog
Potions
 m - 24 potions of curing
 n - 4 potions of cure mutation {!q}
 o - 3 potions of magic
 x - 8 potions of resistance
 B - 4 potions of might
 D - 4 potions of flight
 G - 8 potions of heal wounds
 P - 4 potions of agility
 V - a potion of cancellation
Comestibles
 e - 36 bread rations {@e1}


   Skills:
 O Level 27 Fighting
 - Level 26.4 Axes
 - Level 25.9 Crossbows
 - Level 21.0 Armour
 - Level 21.7 Dodging
 - Level 25.2 Stealth
 - Level 15.4 Shields
 - Level 18.7 Spellcasting
 - Level 26.1 Hexes
 - Level 17.2 Charms
 - Level 12.3 Summonings
 - Level 24.0 Necromancy
 - Level 1.1 Translocations
 - Level 25.0 Transmutations
 - Level 10.9 Air Magic
 - Level 11.8 Earth Magic
 - Level 17.3 Invocations
 + Level 15.6 Evocations


You couldn't memorise any spells.
You knew the following spells:

 Your Spells              Type           Power        Failure   Level  Hunger
a - Passage of Golubria   Tloc           N/A          38%         4    None
b - Discord               Hex            #######...   1%          8    #######
c - Statue Form           Trmt/Erth      ######...    1%          6    #####..
d - Deflect Missiles      Chrm/Air       ######....   2%          6    #####..
e - Necromutation         Trmt/Necr      #######...   2%          8    #######
f - Silence               Hex/Air        ######....   1%          5    ###....
g - Apportation           Tloc           ###.......   4%          1    None
h - Darkness              Hex            #######...   1%          6    #####..
i - Infusion              Chrm           ######       0%          1    None
q - Aura of Abjuration    Summ           ######....   1%          5    ###....
r - Regeneration          Chrm/Necr      ######....   0%          3    None
R - Borgnjor's Revivific  Necr           #######...   3%          8    #######
S - Song of Slaying       Chrm           ######..     0%          2    None


Dungeon Overview and Level Annotations

Branches:
Dungeon (15/15)            Temple (0/1) D:5            Lair (8/8) D:11
 Shoals (4/4) Lair:6       Spider (4/4) Lair:3        Slime (6/6) Lair:8
    Orc (4/4) D:11            Elf (3/3) Orc:4        Vaults (5/5) D:14
  Crypt (3/3) Vaults:2       Tomb (3/3) Crypt:3      Depths (5/5) D:15
   Hell (1/1)                 Dis (7/7) Hell            Geh (7/7) Hell
    Coc (7/7) Hell            Tar (7/7) Hell            Zot (5/5) Depths:5

Altars:
Ashenzari
Cheibriados
Elyvilon
Gozag
Kikubaaqudgha
Makhleb
Okawaru
Qazlal
Ru
Sif Muna
Xom
Yredelemnul
Zin
Beogh
Jiyva

Shops:
D:5 *   D:8 ?   D:9 }   D:13 %   Orc:4 %([(   Elf:1 [   Shoals:1 [

Portals:
Hell: Depths:1 Depths:2 Depths:3 Depths:4 Depths:5
Abyss: Depths:1 Depths:3 Depths:4 Depths:5
Pandemonium: Depths:1 Depths:2 Depths:3

Annotations:
D:1 exclusion: door
Elf:2 3 runed doors
Zot:5 1 exclusion


Innate Abilities, Weirdness & Mutations

You are under a permanent stasis effect.
You can dig through walls and to a lower floor.
Your four strong arms can wield two-handed weapons with a shield.
You have a pair of large antennae on your head (SInv).
You have a beak for a mouth.
You possess an exceptional clarity of mind.
You are resistant to electric shocks.


Message History

It gets dark.
The Killer Klown blinks!
You now have 39/45 mp.
Wield which item (- for none, * to show all)? (? for menu, Esc to quit)
It bursts into flame!
a - a +9 executioner's axe of flaming (weapon)
You slash the Killer Klown! You burn the Killer Klown.
You peck the Killer Klown.
The Killer Klown is lightly wounded.
You cut Suur into ribbons!!! You burn Suur.
Suur is moderately wounded.
You hear a shout!
Something says, "Thy eyes shall be my refection!"
The Killer Klown trip-wires you but does no damage.
Suur barely misses you.
You closely miss Suur.
Suur is moderately wounded.
You slash the Killer Klown! You burn the Killer Klown.
The Killer Klown is moderately wounded.
The Killer Klown blinks!
Suur hits you!!
You take 21 damage, and have 159/237 hp.
You hit Suur. Your peck misses Suur.
Suur is moderately wounded.
Suur misses you.
You closely miss Suur. Your peck misses Suur.
Suur is moderately wounded.
You slice the battlesphere!! You burn the battlesphere.
The battlesphere is severely damaged.
You block Suur's attack.
You slice the battlesphere!!
You destroy the battlesphere!
You closely miss Suur.
Suur is moderately wounded.
Suur misses you.
You slice Suur!! You burn Suur.
Suur is heavily wounded.
You slice the sphinx!! You burn the sphinx!
The sphinx is severely wounded.
You open the Killer Klown like a pillowcase!!!
You burn the Killer Klown.
The Killer Klown is severely wounded.
You hear a horrible gurgling sound!
You hear a roar!
The sphinx hits you but does no damage. You block the sphinx's attack.
The sphinx hits you but does no damage. You block the Killer Klown's attack.
Suur hits you!
You take 12 damage, and have 148/237 hp.
You slash the sphinx! You burn the sphinx.
The sphinx is almost dead.
You slice Suur!!
Suur is severely wounded.
You open the Killer Klown like a pillowcase!!!
You burn the Killer Klown!!
The Killer Klown is severely wounded.
You slice the Killer Klown!! You burn the Killer Klown.
The Killer Klown is severely wounded.
You hear a shout!
You hear a horrible gurgling sound!
Something breathes, "Take thy face hence whilst life thou hast!"
You hear a horrible gurgling sound!
The Killer Klown blinks!
Suur gestures at you.
You convulse!
* * * LOW HITPOINT WARNING * * *
The Killer Klown eye-gouges you but does no damage.
You block the sphinx's attack. The sphinx barely misses you.
The sphinx completely misses you.
You take 87 damage, and have 61/237 hp.
MASSIVE DAMAGE!!
Press: ? - help, v - describe, . - travel
Here: Suur (severely wounded)
The floor.
Unknown command.
Unknown command.
Unknown command.
Unknown command.
Evoke which item? (* to show all) (? for menu, Esc to quit)
Okay, then.
Unknown command.
Evoke which item? (* to show all) (? for menu, Esc to quit)
Zapping:
R - a wand of heal wounds (6)
Press: ? - help, Shift-Dir - straight line, f - you You feel much better.
This wand has 5 charges left.
The sphinx changes into a frost giant!
The Killer Klown blinks!
Gupno sneers, "Accept thy doom, thou loggerheaded idle-headed bounder!"
Suur gestures at you.
You convulse!
* * * LOW HITPOINT WARNING * * *
You block the Killer Klown's attack.
You take 58 damage, and have 3/249 hp.
MASSIVE DAMAGE!!
Casting: Darkness
Confirm with . or Enter, or press ? or * to list all spells.
Okay, then.
Unknown command.
Press: ? - help, v - describe, . - travel
Here: Suur (severely wounded)
The floor.
Unknown command.
Use which ability?
You feel yourself come back to life.
Suur sneers, "Thy faith shall be my dinner!"
Suur hits you!
You die...

▓..∩................
▓▓..................u
▓...................
▓...................
▓............##.....
▓...........###.....
▓▓..........##......
▓.pC...............
▓@&...............
▓▓&...............
▓................
▓▓...............
▓▓▓.............
▓▓............
▓▓▓..........
▓▓▓........ ▓▓▓▓▓▓▓.▓


You could see Gupno, Suur, a Killer Klown and a frost giant shaped shifter.

Vanquished Creatures
  Cerebov (Pan)
  Antaeus (Coc:7)
  Asmodeus (Geh:7)
  the royal jelly (Slime:6)
  Ereshkigal (Tar:7)
  Gloorx Vloq (Pan)
  the Serpent of Hell (Geh:7)
  Mnoleg (Pan)
  Lom Lobon (Pan)
  Dispater (Dis:7)
  Khufu (Crypt:1)
  3 orbs of fire (Zig:18)
  6 ancient liches
  Mara (Spider:3)
  Mennas (Vaults:2)
  3 juggernauts
  42 greater mummies
  Sojobo (Vaults:2)
  11 shard shrikes
  Frederick (Depths:3)
  A caustic shrike (Zig:19)
  A curse toe (Zot:5)
  Geryon (Hell)
  6 Killer Klowns
  Nikola (Vaults:1)
  Jory (Crypt:2)
  the Enchantress (Depths:1)
  3 profane servitors
  19 golden dragons
  Xtahua (Crypt:3)
  26 bone dragons
  Arachne (Spider:2)
  A Hellbinder (WizLab)
  28 Brimstone Fiends
  18 liches
  Jorgrun (Tomb:1)
  2 hellephants
  21 Ice Fiends
  20 Hell Sentinels
  21 tentacled monstrosities
  Asterion (Vaults:1)
  6 deep elf master archers
  A quicksilver dragon (shapeshifter) (Zig:12)
  31 Shadow Fiends
  5 deep elf blademasters
  6 titans
  11 quicksilver dragons
  57 tentacled starspawn
  18 sphinxes
  27 acid blobs
  10 eldritch tentacles
  A sphinx (shapeshifter) (Zig:10)
  Polyphemus (Shoals:2)
  3 octopode crushers
  11 ancient champions
  A kraken (Shoals:1)
  19 storm dragons
  32 Executioners
  3 death cobs
  A shadow dragon (shapeshifter) (Zig:10)
  13 tengu reavers
  A storm dragon (shapeshifter) (Elf:1)
  A greater naga (Zig:5)
  Roxanne (Shoals:1)
  3 draconian monks
  Ilsuiw (Shoals:4)
  3 revenants
  20 shadow dragons
  Wiglaf (Spider:3)
  A corrupter (Pan)
  13 frost giants
  3 daevas
  4 draconian knights
  Donald (Spider:4)
  16 fire giants
  11 ghost moths
  22 iron dragons
  13 draconian scorchers
  4 black suns (Pan)
  19 cacodemons
  18 deep elf sorcerers
  11 pandemonium lords
  A ghost moth (shapeshifter) (Vaults:5)
  35 balrugs
  Louise (Spider:2)
  4 emperor scorpions (Spider:4)
  23 azure jellies
  5 curse skulls
  24 vault wardens
  2 juggernaut zombies
  3 draconian shifters
  4 orc warlords
  4 angels
  3 draconian zealots
  15 ghouls
  4 warmongers (Pan)
  26 ironheart preservers
  72 reapers
  35 war gargoyles
  8 draconian annihilators
  42 very ugly things
  6 spriggan defenders
  2 ophanim
  4 draconian callers
  2 elemental wellsprings
  8 salamander firebrands
  13 deep elf demonologists
  13 bennus
  8 chaos champions
  9 green draconians
  31 stone giants
  4 blood saints
  3 salamander stormcallers
  9 black draconians
  9 red draconians
  14 mottled draconians
  4 yellow draconians
  23 lorocyprocas
  A dire elephant (shapeshifter) (Zig:12)
  14 white draconians
  9 deep elf annihilators
  6 vampire knights
  6 purple draconians
  2 dire elephants (Zig:19)
  35 vault guards
  An ettin (shapeshifter) (Vaults:5)
  11 eidola
  29 blizzard demons
  11 ettins
  10 merfolk javelineers
  12 deep elf death magi
  27 jiangshi
  9 merfolk impalers
  9 death oozes
  35 yaktaur captains
  5 crystal guardians (Zig:21)
  35 mummy priests
  12 quicksilver dragon zombies
  A kraken zombie (Coc:3)
  Josephine (Lair:7)
  3 minotaurs
  15 deep elf high priests
  17 green deaths
  14 hydras
  A caustic shrike simulacrum (Depths:4)
  11 entropy weavers
  27 fire dragons
  25 great orbs of eyes
  Harold (Orc:1)
  3 quicksilver dragon skeletons
  2 naga warriors
  14 ogre magi
  9 hell beasts
  40 ice dragons
  9 monstrous demonspawn (Pan)
  An anaconda (Abyss:4)
  Erica (D:9)
  3 catoblepae
  A ghost crab (Zig:9)
  23 rakshasas
  8 spriggan air magi
  A satyr (Zig:2)
  6 merfolk avatars
  2 alligator snapping turtles (Shoals:4)
  4 dancing weapons
  5 death knights
  24 centaur warriors
  8 merfolk aquamancers
  7 tengu warriors
  11 deep troll shamans
  10 titan zombies
  103 small abominations
  27 hell hogs
  18 death yaks
  4 orc high priests
  9 spriggan berserkers
  5 storm dragon zombies
  58 hell knights
  35 iron golems
  8 vampire magi
  46 soul eaters
  A naga sharpshooter (Zig:5)
  11 titan skeletons
  25 deep elf knights
  84 thrashing horrors
  Sonja (Lair:4)
  23 iron trolls
  11 shadow wraiths
  11 deep troll earth magi
  42 sun demons
  19 spriggans
  57 wretched stars
  3 storm dragon skeletons
  A spectral anaconda (Crypt:3)
  62 ice devils
  7 fire crabs
  144 skeletal warriors
  2 sea snakes (shapeshifter)
  10 unseen horrors
  30 spatial maelstroms
  4 ball lightnings (Pan)
  A fire crab (shapeshifter) (Abyss:3)
  33 deep trolls
  16 shadow demons
  29 death scarabs
  19 flayed ghosts
  3 ghost moth zombies
  17 sea snakes
  3 golden dragon zombies
  5 salamander mystics
  14 gelid demonspawn (Pan)
  18 giant orange brains
  A giant orange brain (shapeshifter) (Depths:5)
  7 wizards
  2 death drakes (Zig:16)
  7 infernal demonspawn (Pan)
  4 mana vipers
  An unseen horror (shapeshifter) (Vaults:1)
  9 ice statues
  13 deep elf summoners
  3 torturous demonspawn (Pan)
  9 hill giants
  18 putrid demonspawn
  A sphinx zombie (Zig:22)
  21 anaconda zombies
  25 deep elf conjurers
  19 anubis guards
  A swamp dragon (Zig:16)
  6 golden dragon skeletons
  3 harpies (shapeshifter) (Abyss:3)
  24 phantasmal warriors
  A swamp dragon (shapeshifter) (Depths:2)
  A tengu zombie (Zig:22)
  5 shadow dragon zombies
  9 anaconda skeletons
  19 necromancers
  10 hornets
  26 moths of wrath
  38 wolf spiders
  9 iron dragon zombies
  24 ironbrand convokers
  5 wolf spider zombies
  9 orc sorcerers
  12 harpies
  A lindwurm (Zot:3)
  12 manticores
  A wolf spider (shapeshifter) (Zig:10)
  13 orc knights
  A hill giant (shapeshifter) (Vaults:5)
  A mana viper (shapeshifter) (Depths:2)
  12 shining eyes
  14 cyclopes
  3 human zombies
  11 orb spiders
  77 ugly things
  11 frost giant zombies
  9 stone giant zombies
  2 shadow dragon skeletons
  19 griffons
  9 water nymphs
  6 fire giant zombies
  8 fauns
  2 shining eyes (shapeshifter)
  7 oklob plants
  7 iron dragon skeletons
  A toenail golem (Abyss:3)
  A water nymph (shapeshifter) (Elf:2)
  21 apocalypse crabs
  11 salamanders
  6 elephants
  11 fire giant skeletons
  4 dire elephant zombies
  5 guardian serpents
  17 molten gargoyles (Geh:7)
  Maurice (D:9)
  17 worldbinders
  9 black mambas
  9 stone giant skeletons
  55 orange demons
  19 vault sentinels
  7 sirens
  Joseph (D:8)
  12 frost giant skeletons
  A shock serpent zombie (Dis:7)
  5 naga magi
  37 sixfirhies
  A cyclops (shapeshifter) (Abyss:5)
  71 rust devils
  A titan simulacrum (Coc:7)
  A torpor snail (shapeshifter) (Vaults:4)
  11 torpor snails
  An orange crystal statue (Zig:5)
  2 eyes of devastation
  2 emperor scorpion zombies (Coc:7)
  18 spiny frogs
  5 gargoyles
  A spiny frog (shapeshifter) (Elf:3)
  2 catoblepas zombies
  80 smoke demons
  80 yaktaurs
  197 large abominations
  3 shock serpent skeletons
  2 kobold demonologists
  A storm dragon simulacrum (Coc:7)
  48 ancient zymes
  43 hellwings
  29 hellions
  8 dire elephant skeletons
  A sea snake zombie (Crypt:1)
  6 fire drakes
  11 tengu conjurers
  3 wolf spider simulacra
  13 komodo dragons
  31 demonic crawlers
  24 deep elf priests
  A mottled draconian skeleton (Crypt:1)
  4 harpy zombies
  61 tormentors
  5 trolls
  29 jumping spiders
  A white draconian skeleton (Tar:2)
  4 silent spectres
  9 polar bears
  25 efreet
  38 merfolk
  39 blue devils
  60 guardian mummies
  2 spriggan druids (Lair:8)
  A merfolk (shapeshifter) (Vaults:5)
  44 freezing wraiths
  2 jumping spiders (shapeshifter)
  A tengu simulacrum (Vaults:1)
  12 hydra zombies
  38 red devils
  A polar bear (shapeshifter) (D:15)
  32 ushabtiu
  2 golden dragon simulacra
  4 wind drakes
  An iron troll skeleton (Dis:3)
  Prince Ribbit (D:8)
  2 iron dragon simulacra
  3 blink frogs (shapeshifter)
  3 bog bodies (Crypt:1)
  133 raiju
  3 stone giant simulacra
  5 ettin zombies
  A harpy skeleton (Geh:7)
  11 alligator zombies
  A minotaur skeleton (Crypt:1)
  A shadow dragon simulacrum (Abyss:3)
  9 hydra skeletons
  2 anaconda simulacra (IceCv)
  3 frost giant simulacra
  11 boulder beetles
  10 snapping turtles
  20 two-headed ogres
  A raiju (shapeshifter) (Vaults:1)
  58 blink frogs
  140 slime creatures
  33 trapdoor spiders
  6 fire dragon zombies
  7 ice dragon zombies
  A fire giant simulacrum (Abyss:3)
  10 air elementals
  A shock serpent simulacrum (Tar:3)
  Sigmund (D:6)
  75 shadows
  2 tarantellas (shapeshifter)
  219 starcursed masses
  23 water elementals
  36 tarantellas
  7 ettin skeletons
  55 wraiths
  79 redbacks
  73 yaks
  40 deep elf magi
  5 wyverns
  3 centaur simulacra
  5 fire dragon skeletons
  4 basilisks
  224 flying skulls
  7 ice dragon skeletons
  A hog (shapeshifter) (Vaults:5)
  19 fire bats
  5 alligator skeletons
  69 ynoxinuls
  3 black mamba skeletons
  16 fire elementals
  3 black mamba zombies
  55 deep elf fighters
  An iron troll simulacrum (IceCv)
  19 vampires
  15 golden eyes
  21 hippogriffs
  9 hungry ghosts
  30 chaos spawn
  2 steam dragons (Zig:16)
  2 hippogriffs (shapeshifter)
  19 vampire mosquitoes
  3 dire elephant simulacra (IceCv)
  60 neqoxecs
  A death yak simulacrum (IceCv)
  A catoblepas simulacrum (Abyss:3)
  A deep troll zombie (Vaults:2)
  7 wargs
  5 mottled dragons
  A torturous demonspawn zombie (Crypt:2)
  Edmund (D:6)
  4 insubstantial wisps (Abyss:3)
  A soldier ant (D:10)
  A merfolk zombie (Abyss:3)
  A soldier ant (shapeshifter) (Abyss:3)
  A wolf (shapeshifter) (Vaults:1)
  49 spatial vortices
  7 spiny frog zombies
  15 water moccasins
  29 wolves
  4 harpy simulacra
  4 hydra simulacra
  48 orc warriors
  5 nagas
  2 alligator simulacra
  111 hell hounds
  4 swamp drakes
  2 black bears (shapeshifter)
  21 spiders
  A water moccasin (shapeshifter) (Vaults:1)
  7 black bears
  28 necrophages
  An ettin simulacrum (IceCv)
  10 ice beasts
  7 sky beasts
  13 porcupines
  A swamp dragon zombie (Geh:7)
  3 manticore zombies
  2 ogres (shapeshifter)
  13 wasps
  A ghost crab zombie (Crypt:2)
  10 snapping turtle zombies
  6 snapping turtle skeletons
  57 centaurs
  8 spiny frog skeletons
  42 ogres
  20 eyes of draining
  14 phantoms
  9 boggarts
  23 crocodiles
  An elf simulacrum (Depths:1)
  3 manticore skeletons
  A swamp dragon skeleton (Geh:7)
  9 brain worms
  Blork the orc (D:6)
  2 spiny frog simulacra
  A glowing shapeshifter simulacrum (Vaults:2)
  A big kobold (D:7)
  8 earth elementals
  2 elf skeletons
  37 giant frogs
  An orc simulacrum (Vaults:2)
  3 scorpions
  2 water moccasin skeletons
  3 elf zombies
  A manticore simulacrum (Coc:7)
  85 wights
  A spriggan zombie (Dis:5)
  A raiju zombie (Crypt:1)
  8 crimson imps
  16 killer bees
  15 quasits
  46 iron imps
  A human simulacrum (Vaults:3)
  2 giant frog zombies
  4 lava snakes (Lab)
  34 orc wizards
  4 centaur zombies
  6 centaur skeletons
  12 hounds
  24 orc priests
  4 giant frog skeletons
  44 jellies
  2 draconian simulacra (IceCv)
  4 hell rats (Hell)
  12 iguanas
  4 human skeletons
  A spriggan simulacrum (IceCv)
  A lightning spire (Zig:14)
  2 polar bear simulacra (IceCv)
  9 worker ants
  A porcupine skeleton (Crypt:1)
  29 sheep
  3 troll simulacra (IceCv)
  2 wolf simulacra (IceCv)
  2 ogre zombies
  2 naga zombies
  A hound zombie (D:7)
  106 mummies
  3 tengu skeletons
  A worker ant zombie (D:9)
  9 adders
  4 gnolls (D:10)
  7 naga simulacra (IceCv)
  3 ogre simulacra (IceCv)
  95 river rats
  20 shadow imps
  54 white imps
  A giant eyeball (Pan)
  16 ufetubi
  An ooze (shapeshifter) (Vaults:3)
  An adder zombie (D:7)
  An ooze (Abyss:3)
  An adder skeleton (D:4)
  2 worms
  6 giant geckos
  188 orcs
  13 bats
  5 giant cockroaches
  12 hobgoblins
  12 jackals
  13 kobolds
  3 ball pythons
  3 giant gecko skeletons
  5 giant newts
  12 goblins
  3 kobold zombies
  An orc skeleton (Coc:5)
  3 quokkas
  2 quokka zombies (Crypt:2)
  6 rats
  A butterfly (Lair:7)
  7 crawling corpses
  2 fire vortices (Pan)
  15 fungi
  A lost soul (Crypt:3)
  4 lurking horrors
  24 plants
  59 starspawn tentacles
  2 starspawn tentacle segments
  3 tentacles (Shoals:1)
8164 creatures vanquished.

Vanquished Creatures (collateral kills)
  A caustic shrike (Zig:19)
  2 deep elf master archers (Zig:20)
  A tengu reaver (Zig:14)
  2 greater nagas (Zig:14)
  An orc warlord (Zig:17)
  A deep elf sorcerer (Zig:14)
  A very ugly thing (Zig:9)
  2 stone giants
  A deep elf demonologist (Zig:20)
  2 deep elf annihilators (Zig:14)
  An ettin (Zig:17)
  A merfolk javelineer (Zig:15)
  A merfolk impaler (Zig:15)
  2 fire dragons (Zig:18)
  A yaktaur captain (Zig:13)
  7 deep elf high priests (Zig:20)
  A ghost crab (Zig:9)
  An alligator (Zig:9)
  A hydra (Zig:9)
  3 merfolk avatars (Zig:15)
  An alligator snapping turtle (Zig:15)
  2 merfolk aquamancers
  A salamander mystic (Zig:14)
  3 orc high priests (Zig:17)
  A small abomination (Zig:20)
  8 deep elf conjurers
  2 deep elf knights (Zig:20)
  2 deep elf summoners (Zig:20)
  4 sea snakes (Zig:15)
  2 wizards (Zig:14)
  A deep troll (Zig:13)
  A spriggan druid (Zig:9)
  2 swamp dragons (Zig:9)
  A harpy (Zig:15)
  4 manticores (Zig:15)
  3 griffons
  A cyclops (Zig:15)
  A necromancer (Zig:14)
  2 orc sorcerers (Zig:17)
  A water nymph (Zig:15)
  A moth of wrath (Zig:17)
  An elephant (Zig:19)
  A siren (Zig:15)
  2 snapping turtles (Zig:15)
  3 spiny frogs (Zig:19)
  4 komodo dragons (Zig:19)
  A troll (Zig:17)
  2 efreet (Zig:18)
  A deep elf priest (Zig:20)
  2 giant leeches (Zig:9)
  3 merfolk (Zig:15)
  4 fire drakes
  A polar bear (Zig:19)
  A blink frog (Zig:19)
  A bog body (Zig:9)
  5 fire elementals (Zig:18)
  3 water elementals (Zig:15)
  6 deep elf magi (Zig:20)
  4 deep elf fighters (Zig:20)
  A hippogriff (Zig:19)
  A vampire mosquito (Zig:9)
  2 wolves (Zig:19)
  4 hell hounds (Zig:18)
  3 water moccasins (Zig:19)
  2 orc warriors (Zig:17)
  2 swamp drakes
  5 crocodiles (Zig:19)
  6 sheep
  4 river rats (Zig:19)
  12 orcs (Zig:17)
  8 crawling corpses (Zig:20)
  2 plants (Zig:17)
174 creatures vanquished.

Vanquished Creatures (others)
  Margery (Crypt:1)
  2 caustic shrikes (Zig:19)
  A deep elf blademaster (Zig:20)
  An octopode crusher (Zig:15)
  A quicksilver dragon (Zig:16)
  2 fire giants
  A frost giant (Zig:13)
  A draconian knight (Zot:1)
  2 vault wardens (Vaults:1)
  A deep elf sorcerer (Zig:14)
  An orc warlord (Zig:17)
  A draconian annihilator (Zig:14)
  3 stone giants
  3 war gargoyles
  3 elemental wellsprings
  A deep elf annihilator (Zig:20)
  2 deep elf demonologists
  A salamander stormcaller (Zig:13)
  3 bennus
  A dire elephant (Zig:19)
  A vault guard (Vaults:5)
  2 merfolk impalers (Zig:15)
  A spiny frog (Zig:19)
  2 fire dragons (Zig:18)
  3 yaktaur captains
  An ice dragon (Coc:7)
  An ogre mage (Zig:14)
  An orc high priest (Zig:17)
  A sea snake (Zig:15)
  A merfolk aquamancer (Zig:15)
  A thrashing horror (Abyss:5)
  A deep elf knight (Zig:20)
  A giant orange brain (Pan)
  10 ball lightnings (Pan)
  28 death scarabs
  A spatial maelstrom (Abyss:5)
  A shadow dragon zombie (Geh:7)
  A deep elf conjurer (Zig:20)
  An orb spider (Abyss:3)
  An orc knight (Vaults:2)
  A necromancer (Zig:14)
  A harpy (Zig:15)
  A moth of wrath (Zot:5)
  A gargoyle (Zig:21)
  A vault sentinel (Zig:13)
  3 yaktaurs (Vaults:1)
  2 komodo dragons (Zig:19)
  4 fire drakes
  A demonic crawler (Spider:4)
  A merfolk (Zig:15)
  A yaktaur skeleton (Vaults:4)
  A golden dragon simulacrum (IceCv)
  A harpy zombie (Tomb:3)
  A raiju (Abyss:3)
  A bog body (Zig:9)
  A two-headed ogre (Zig:17)
  2 slime creatures
  A wyvern (Zig:16)
  5 flying skulls
  2 deep elf magi
  A water elemental (Hell)
  A ynoxinul (Pan)
  3 deep elf fighters (Zig:20)
  A basilisk (Zig:19)
  2 steam dragons (Zig:16)
  A vampire mosquito (Vaults:1)
  A water moccasin (Zig:19)
  A hell hound (Zig:18)
  A spiny frog skeleton (Dis:7)
  2 orc warriors
  3 ogres
  A snapping turtle skeleton (Tomb:2)
  2 crocodiles (Zig:19)
  An orc wizard (Vaults:1)
  A hell rat (Hell)
  A sheep (Zig:19)
  4 mummies
  3 small abominations (Abyss:5)
  2 ufetubi (Abyss:3)
  11 orcs
  A bush (Lair:6)
  A crawling corpse (Depths:4)
  347 eldritch tentacle segments
  126 fungi
  5 lost souls
  10 lurking horrors
  57 plants
  87 starspawn tentacles
  857 starspawn tentacle segments
  5 tentacles (Shoals:1)
  379 tentacle segments (Shoals:1)
2042 creatures vanquished.

Grand Total: 10380 creatures vanquished

Notes
Turn   | Place    | Note
--------------------------------------------------------------
     0 | D:1      | achirane the Formicid Fighter began the quest for the Orb.
     0 | D:1      | Reached XP level 1. HP: 18/18 MP: 1/1
   178 | D:1      | Reached XP level 2. HP: 22/24 MP: 2/2
   747 | D:1      | Reached XP level 3. HP: 24/29 MP: 3/3
   769 | D:1      | Reached skill level 4 in Armour
  1038 | D:1      | Reached skill level 3 in Axes
  1517 | D:2      | Reached XP level 4. HP: 31/35 MP: 4/4
  1697 | D:2      | Found a sacrificial altar of Ru.
  1828 | D:2      | Found a white marble altar of Elyvilon.
  2113 | D:2      | Found a snail-covered altar of Cheibriados.
  2127 | D:2      | Became a worshipper of Cheibriados the Contemplative
  2294 | D:3      | Noticed a centaur
  2747 | D:3      | Reached XP level 5. HP: 39/41 MP: 5/5
  2795 | D:3      | Found a shattered altar of Ashenzari.
  2855 | D:3      | Found an iron altar of Okawaru.
  3018 | D:3      | Found a shimmering altar of Xom.
  3034 | D:3      | Acquired Cheibriados's first power
  3334 | D:3      | Killed a centaur
  3334 | D:3      | Reached skill level 4 in Axes
  3334 | D:3      | Reached skill level 5 in Armour
  3334 | D:3      | Reached XP level 6. HP: 33/47 MP: 6/6
  4080 | D:4      | Reached skill level 5 in Axes
  4080 | D:4      | Reached skill level 6 in Armour
  4080 | D:4      | Reached XP level 7. HP: 21/52 MP: 7/7
  4946 | D:5      | Entered Level 5 of the Dungeon
  4979 | D:5      | Found an opulent altar of Gozag.
  4979 | D:5      | Found Gozag's Platinum Reserve.
  5056 | D:5      | Found a basalt altar of Yredelemnul.
  5297 | D:5      | Found a staircase to the Ecumenical Temple.
  5395 | D:5      | Reached skill level 7 in Armour
  5550 | D:5      | Reached skill level 6 in Axes
  5699 | D:6      | Reached XP level 8. HP: 49/58 MP: 5/8
  5749 | D:6      | Noticed Blork the orc
  5761 | D:6      | Killed Blork the orc
  6120 | D:6      | Noticed Edmund
  6152 | D:6      | Killed Edmund
  6231 | D:6      | Acquired Cheibriados's second power
  6397 | D:6      | Reached skill level 8 in Armour
  6431 | D:6      | Noticed Sigmund
  6435 | D:6      | Killed Sigmund
  6435 | D:6      | Reached skill level 7 in Axes
  6460 | D:6      | Reached XP level 9. HP: 26/64 MP: 4/9
  6464 | D:6      | You fall through a shaft for 3 floors!
  6728 | D:8      | Reached skill level 9 in Armour
  6745 | D:8      | Noticed Joseph
  6748 | D:8      | You fall through a shaft for 2 floors!
  6748 | D:10     | Entered Level 10 of the Dungeon
  6980 | D:10     | Reached skill level 8 in Axes
  7222 | D:9      | Got a bloodstained robe
  7260 | D:9      | Found Luwux's Gadget Boutique.
  7338 | D:7      | Acquired Cheibriados's third power
  7340 | D:7      | Reached skill level 10 in Armour
  7510 | D:7      | Reached skill level 9 in Axes
  7742 | D:7      | Reached XP level 10. HP: 49/70 MP: 7/10
  8187 | D:6      | Identified the +1 robe of the Peasants {rElec Int+5} (You found it on level 9 of the Dungeon)
  8393 | D:7      | Found a deep blue altar of Sif Muna.
  8500 | D:7      | Acquired Cheibriados's fourth power
  8500 | D:7      | Reached skill level 4 in Shields
  8657 | D:7      | Reached skill level 4 in Fighting
  8657 | D:7      | Reached skill level 10 in Axes
  8884 | D:8      | Noticed Prince Ribbit
  9001 | D:8      | Reached skill level 1 in Invocations
  9009 | D:8      | Reached skill level 5 in Shields
  9102 | D:8      | Found Qoegiur's Magic Scroll Shoppe.
  9111 | D:8      | Bought a scroll of identify for 26 gold pieces
  9111 | D:8      | Bought 2 scrolls of identify for 52 gold pieces
  9118 | D:8      | Bought a scroll of identify for 26 gold pieces
  9186 | D:8      | Killed Joseph
  9186 | D:8      | Reached skill level 2 in Invocations
  9436 | D:8      | Reached skill level 3 in Invocations
  9478 | D:8      | Killed Prince Ribbit
  9478 | D:8      | Reached skill level 5 in Fighting
 10126 | D:8      | Reached skill level 4 in Invocations
 10581 | D:9      | Noticed Erica
 10595 | D:9      | Killed Erica
 10595 | D:9      | Reached skill level 6 in Fighting
 10595 | D:9      | Reached skill level 6 in Shields
 10595 | D:9      | Reached skill level 5 in Invocations
 10595 | D:9      | Reached XP level 11. HP: 81/81 MP: 14/14
 10672 | D:9      | Noticed Maurice
 10677 | D:9      | Killed Maurice
 11025 | D:9      | Reached skill level 6 in Invocations
 11258 | D:9      | Found a sacrificial altar of Ru.
 11528 | D:10     | Reached skill level 7 in Shields
 11535 | D:10     | Reached skill level 7 in Fighting
 11545 | D:10     | Noticed a tengu conjurer
 11552 | D:10     | Reached skill level 7 in Invocations
 11565 | D:10     | Killed a tengu conjurer
 12041 | D:11     | Found a staircase to the Lair.
 12044 | D:11     | Noticed a manticore
 12093 | D:11     | Killed a manticore
 12216 | Lair:1   | Entered Level 1 of the Lair of Beasts
 12238 | D:11     | Reached skill level 8 in Invocations
 12395 | Lair:1   | Reached skill level 8 in Fighting
 12524 | D:11     | Reached XP level 12. HP: 44/92 MP: 9/18
 12767 | D:11     | Reached skill level 11 in Axes
 12772 | D:11     | Noticed a cyclops
 12793 | D:11     | Reached skill level 8 in Shields
 12833 | D:11     | Noticed a cyclops
 12842 | D:11     | Killed a cyclops
 12920 | D:11     | Killed a cyclops
 13235 | D:11     | Noticed a hill giant
 13240 | D:11     | Reached skill level 9 in Fighting
 13244 | D:11     | Killed a hill giant
 13505 | D:11     | Found a staircase to the Orcish Mines.
 13697 | D:11     | Reached skill level 9 in Shields
 13914 | D:11     | Reached skill level 10 in Fighting
 13927 | D:11     | Found a large runed door.
 13928 | D:11     | Found a large runed door.
 13949 | D:11     | Noticed a centaur warrior
 13959 | D:11     | Found an iron altar of Okawaru.
 14460 | Lair:1   | Noticed a five-headed hydra
 14468 | Lair:1   | Killed a two-headed hydra
 14468 | Lair:1   | Reached skill level 1 in Stealth
 14530 | Lair:1   | Noticed an eight-headed hydra
 14536 | Lair:1   | Killed a six-headed hydra
 14536 | Lair:1   | Reached skill level 2 in Stealth
 14973 | Lair:1   | Reached skill level 3 in Stealth
 14973 | Lair:1   | Reached XP level 13. HP: 102/105 MP: 17/19
 15004 | Lair:1   | Noticed an eight-headed hydra
 15016 | Lair:1   | Killed a three-headed hydra
 15016 | Lair:1   | Reached skill level 11 in Fighting
 15016 | Lair:1   | Reached skill level 12 in Axes
 15839 | Lair:2   | Reached skill level 11 in Armour
 16066 | Lair:3   | Reached skill level 4 in Stealth
 17009 | Lair:3   | Found a hole to the Spider Nest.
 17136 | Lair:3   | Reached skill level 5 in Stealth
 17473 | Lair:4   | Noticed Sonja
 17568 | Lair:4   | Killed Sonja
 17886 | Lair:4   | Reached skill level 13 in Axes
 18155 | Lair:4   | Reached skill level 6 in Stealth
 18508 | Lair:3   | Reached skill level 12 in Fighting
 18613 | Lair:5   | Reached XP level 14. HP: 115/115 MP: 20/20
 18818 | Lair:5   | Reached skill level 12 in Armour
 18825 | Lair:5   | Reached skill level 7 in Stealth
 20050 | Lair:5   | Reached skill level 14 in Axes
 20741 | Lair:6   | Found a staircase to the Shoals.
 21371 | Lair:7   | Noticed Josephine
 21459 | Lair:7   | Learned a level 6 spell: Deflect Missiles
 21545 | Lair:7   | Reached skill level 1 in Dodging
 21635 | Lair:7   | Killed Josephine
 21635 | Lair:7   | Reached skill level 1 in Charms
 22270 | Lair:6   | Reached XP level 15. HP: 104/122 MP: 18/21
 22276 | Lair:6   | Reached skill level 13 in Fighting
 22276 | Lair:6   | Reached skill level 2 in Dodging
 22413 | Lair:6   | Reached skill level 2 in Charms
 22918 | Lair:8   | Entered Level 8 of the Lair of Beasts
 22980 | Lair:8   | Reached skill level 15 in Axes
 23295 | Lair:8   | Reached skill level 3 in Charms
 23337 | Lair:8   | Reached skill level 3 in Dodging
 23753 | Lair:8   | Found a staircase to the Slime Pits.
 24090 | Lair:8   | Got a jewelled ring mail
 24105 | Lair:8   | Identified the +2 ring mail "Tizeurione" {rF+ Int-2 Dex+2} (You found it on level 8 of the Lair of Beasts)
 24215 | Lair:8   | Reached skill level 4 in Charms
 24409 | Lair:8   | Reached skill level 4 in Dodging
 24635 | Lair:8   | Found a viscous altar of Jiyva.
 25042 | Lair:8   | Reached skill level 5 in Charms
 25477 | Orc:1    | Entered Level 1 of the Orcish Mines
 25608 | Orc:1    | Noticed Harold
 25613 | Orc:1    | Noticed an orc warlord
 25623 | Orc:1    | Killed Harold
 25669 | Orc:1    | Killed an orc warlord
 25669 | Orc:1    | Reached XP level 16. HP: 100/132 MP: 10/22
 25685 | Orc:1    | Reached skill level 16 in Axes
 25874 | Orc:1    | Found a roughly hewn altar of Beogh.
 26862 | Orc:4    | Entered Level 4 of the Orcish Mines
 27221 | Orc:4    | Found a dark tunnel.
 27229 | Volcano  | Entered a volcano
 27412 | Orc:4    | Reached skill level 5 in Dodging
 27980 | Orc:4    | Found a staircase to the Elven Halls.
 27996 | Orc:4    | Reached skill level 6 in Charms
 28249 | Orc:4    | Found Gecifod's Armour Shoppe.
 28249 | Orc:4    | Found Newathru's Weapon Shop.
 28251 | Orc:4    | Found Lomnoj Resye's Food Boutique.
 28253 | Orc:4    | Found Ubejam's Antique Weapon Emporium.
 28265 | Orc:4    | Bought a warped hunting sling for 162 gold pieces
 28265 | Orc:4    | Identified the +6 hunting sling "Emmih" {freeze, rElec Str+3 Dex+5 Stlth-} (You bought it in a shop on level 4 of the Orcish Mines)
 28270 | Orc:4    | Bought the cursed +1 plate armour of Insatiable Hunger {rF+ rC+ Str+5 Int-2} for 784 gold pieces
 28593 | Spider:1 | Entered Level 1 of the Spider Nest
 28703 | Spider:1 | Reached skill level 1 in Air Magic
 29178 | Spider:1 | Reached skill level 14 in Fighting
 29229 | Spider:1 | Reached skill level 2 in Air Magic
 29934 | Spider:2 | Noticed Arachne
 29956 | Spider:2 | Killed Arachne
 30364 | Spider:2 | Reached skill level 3 in Air Magic
 30369 | Spider:2 | Got an ichor-stained falchion
 30782 | Spider:2 | Noticed Louise
 30798 | Spider:2 | Killed Louise
 30798 | Spider:2 | Reached skill level 6 in Dodging
 31545 | Spider:2 | Reached skill level 7 in Charms
 31907 | Spider:3 | Noticed Wiglaf
 31936 | Spider:3 | Reached skill level 4 in Air Magic
 31954 | Spider:3 | Reached XP level 17. HP: 134/140 MP: 21/23
 32153 | Spider:3 | HP: 34/140 [redback (11)]
 32164 | Spider:3 | HP: 25/140 [disintegration (40)]
 32169 | Spider:3 | HP: 23/140 [wolf spider (5)]
 32175 | Spider:3 | HP: 6/140 [wolf spider (11)]
 32183 | Spider:3 | HP: 16/140 [wolf spider (13)]
 32183 | Spider:3 | HP: 7/140 [jumping spider (7)]
 32199 | Spider:2 | HP: 29/140 [jumping spider (3)]
 32598 | Spider:3 | Noticed Mara
 32600 | Spider:3 | Noticed achirane's illusion
 32609 | Spider:2 | Noticed achirane's illusion
 32613 | Spider:3 | HP: 27/140 [Mara/demon whip of freezing (16)]
 32617 | Spider:3 | HP: 7/210 [achirane's illusion[Mara] (19)]
 32623 | Spider:3 | HP: 25/210 [Mara/demon whip of freezing (3)]
 32624 | Spider:3 | Killed Mara
 32624 | Spider:3 | Reached skill level 17 in Axes
 32632 | Spider:3 | HP: 24/210 [Wiglaf/stone (3)]
 32638 | Spider:3 | HP: 11/210 [Wiglaf/stone (9)]
 33104 | Spider:3 | Killed Wiglaf
 33104 | Spider:3 | Reached skill level 5 in Air Magic
 33703 | Spider:4 | Entered Level 4 of the Spider Nest
 34049 | Spider:4 | HP: 34/140 [poisoned by a redback]
 34664 | Spider:4 | Reached skill level 8 in Charms
 34815 | Spider:3 | Reached skill level 7 in Dodging
 35160 | Spider:4 | Reached skill level 6 in Air Magic
 35710 | Spider:4 | Reached XP level 18. HP: 96/148 MP: 0/24
 35964 | Spider:4 | Noticed Donald
 35969 | Spider:4 | Reached skill level 15 in Fighting
 35973 | Spider:4 | Killed Donald
 36463 | Spider:4 | Got a gossamer rune of Zot
 36898 | Spider:1 | Reached skill level 7 in Air Magic
 37019 | Lair:1   | Identified the +1 falchion "Lyevoquz" {freeze, rC+} (You found it on level 2 of the Spider Nest)
 37371 | D:12     | Reached skill level 8 in Dodging
 37864 | D:13     | Reached skill level 9 in Charms
 37926 | D:13     | Reached skill level 18 in Axes
 38118 | D:13     | Found Codoe's Food Shoppe.
 38794 | D:13     | Found a glowing silver altar of Zin.
 38956 | D:14     | Found a labyrinth entrance.
 38970 | Lab      | Entered a labyrinth
 39081 | Lab      | Got a steaming steel amulet
 39165 | D:14     | Identified the amulet "Qemikan" {Clar Str+7} (You took it off a minotaur in a labyrinth)
 39756 | D:14     | Reached skill level 8 in Air Magic
 39834 | D:14     | Found a gate to the Vaults.
 40227 | D:15     | Entered Level 15 of the Dungeon
 40242 | D:15     | Reached XP level 19. HP: 130/155 MP: 25/25
 40511 | D:15     | Found a staircase to the Depths.
 40656 | D:15     | Learned a level 6 spell: Freezing Cloud
 41217 | Vaults:1 | Entered Level 1 of the Vaults
 41232 | Vaults:1 | Noticed Nikola
 41246 | Vaults:1 | Killed Nikola
 41490 | Vaults:1 | Got a twitching jade amulet
 41492 | Vaults:1 | Identified the amulet "Byakiar" {Ward rN+ MR+ Str+2} (You found it on level 1 of the Vaults)
 41979 | Elf:1    | Entered Level 1 of the Elven Halls
 42456 | Elf:1    | Upgraded the game from 0.17-a0-1882-g750edc8 to 0.17-a0-1887-g3e50df6
 42899 | Elf:1    | Reached skill level 9 in Dodging
 42939 | Elf:1    | Reached skill level 9 in Air Magic
 43399 | Elf:1    | Reached skill level 10 in Charms
 43582 | Elf:1    | Found Viliajig's Antique Armour Shoppe.
 43600 | Elf:1    | Bought a steaming cloak for 256 gold pieces
 43600 | Elf:1    | Bought a polished plate armour for 756 gold pieces
 43610 | Elf:1    | Identified the +1 cloak of Misanthropy {rF+} (You bought it in a shop on level 1 of the Elven Halls)
 44654 | Elf:2    | Found a deep blue altar of Sif Muna.
 44719 | Elf:1    | Identified the cursed +0 plate armour of Joy {rElec} (You bought it in a shop on level 1 of the Elven Halls)
 44825 | Elf:2    | Found a runed gate.
 44825 | Elf:2    | Found a runed gate.
 44825 | Elf:2    | Found a runed gate.
 45368 | Elf:3    | Entered Level 3 of the Elven Halls
 46789 | Elf:3    | Reached skill level 10 in Air Magic
 46789 | Elf:3    | Reached XP level 20. HP: 164/164 MP: 26/26
 46819 | Elf:3    | Reached skill level 16 in Fighting
 47542 | Elf:3    | Reached skill level 10 in Dodging
 47677 | Elf:3    | Identified the Handbook of Boosts (You found it on level 3 of the Elven Halls)
 47684 | Elf:3    | Identified the Disquisition on Transformation and Lightness (You found it on level 3 of the Elven Halls)
 47688 | Elf:3    | Learned a level 2 spell: Repel Missiles
 47719 | Elf:3    | Got a smoking falchion
 47720 | Elf:3    | Identified the +4 falchion of Ejeseada {drain, -Tele Str+5 Dex+7} (You found it on level 3 of the Elven Halls)
 47813 | Elf:3    | Reached skill level 11 in Charms
 47940 | Elf:3    | Got a sparkling granite ring
 47943 | Elf:3    | Identified the ring of the Mantidfly {+Fly Dex+4 Stlth-} (You took it off a deep elf sorcerer on level 3 of the Elven Halls)
 49022 | Vaults:1 | Reached skill level 1 in Crossbows
 49045 | Vaults:1 | Reached skill level 2 in Crossbows
 49137 | Vaults:1 | Reached skill level 3 in Crossbows
 49511 | Vaults:1 | Reached skill level 4 in Crossbows
 49930 | Vaults:1 | Reached skill level 5 in Crossbows
 50392 | Vaults:1 | Reached XP level 21. HP: 173/173 MP: 27/27
 50399 | Vaults:1 | Reached skill level 6 in Crossbows
 50453 | Vaults:1 | Noticed Asterion
 50473 | Vaults:1 | Killed Asterion
 50473 | Vaults:1 | Reached skill level 17 in Fighting
 51231 | Vaults:1 | Reached skill level 7 in Crossbows
 51665 | Vaults:2 | Noticed Mennas
 51670 | Vaults:2 | Killed Mennas
 51670 | Vaults:2 | Reached skill level 8 in Crossbows
 51808 | Vaults:2 | Noticed Sojobo
 51844 | Vaults:2 | Killed Sojobo
 52047 | Vaults:2 | Found a magical portal.
 52071 | WizLab   | Entered The Hall of Reydog the Hellbinder
 52128 | WizLab   | Reached skill level 9 in Crossbows
 52901 | WizLab   | Found a burning altar of Makhleb.
 52924 | WizLab   | Identified the Incunabulum of Entrancing Creation
 52954 | WizLab   | Identified Suutz's Disquisition on Calling
 53107 | Vaults:2 | Found a staircase to the Crypt.
 53107 | Vaults:2 | Found an ancient bone altar of Kikubaaqudgha.
 53109 | Vaults:2 | Found a basalt altar of Yredelemnul.
 53111 | Vaults:2 | Reached skill level 10 in Crossbows
 54005 | Vaults:2 | Got a translucent lead ring
 54007 | Vaults:2 | Identified the ring of Idotoh {rElec rPois rF- Int+4 Dex-2} (You found it on level 2 of the Vaults)
 54485 | Vaults:2 | Reached skill level 11 in Crossbows
 54831 | Vaults:2 | Reached skill level 18 in Fighting
 54941 | Vaults:3 | Reached XP level 22. HP: 184/184 MP: 28/28
 55657 | Vaults:3 | Reached skill level 12 in Crossbows
 56189 | Vaults:3 | Got a smoking battleaxe
 56190 | Vaults:3 | Identified the +1 battleaxe "Rifaqewn" {chop, rPois} (You found it on level 3 of the Vaults)
 56625 | Vaults:3 | Reached skill level 13 in Crossbows
 57888 | Vaults:4 | Reached skill level 14 in Crossbows
 58307 | Vaults:4 | Reached skill level 19 in Fighting
 58415 | Vaults:4 | Reached XP level 23. HP: 162/194 MP: 29/29
 59169 | Vaults:4 | Reached skill level 15 in Crossbows
 59292 | Vaults:4 | esc: why do you use a one handed axe?
 59315 | Vaults:4 | achirane: got no good axe
 60526 | Lair:1   | Learned a level 5 spell: Phase Shift
 61145 | Vaults:4 | Reached skill level 1 in Translocations
 61186 | Vaults:4 | Learned a level 2 spell: Stoneskin
 61486 | Vaults:4 | Reached skill level 1 in Transmutations
 61579 | Vaults:4 | Reached skill level 2 in Transmutations
 62079 | Vaults:3 | Reached skill level 16 in Crossbows
 62079 | Vaults:3 | Reached skill level 3 in Transmutations
 62913 | Shoals:1 | Entered Level 1 of the Shoals
 63008 | Shoals:1 | Reached skill level 4 in Transmutations
 63184 | Shoals:1 | Found Ifowaq's Antique Armour Shop.
 63225 | Shoals:1 | Bought a distressingly furry ring mail for 315 gold pieces
 63543 | Shoals:1 | Noticed Roxanne
 63550 | Shoals:1 | Killed Roxanne
 63558 | Shoals:1 | Identified Roxanne's Reference Book on Earthen Moulding (You took it off Roxanne on level 1 of the Shoals)
 63682 | Shoals:1 | Identified the +1 ring mail of Etruc {rPois MR+} (You bought it in a shop on level 1 of the Shoals)
 63744 | Shoals:2 | Reached skill level 5 in Transmutations
 63802 | Shoals:2 | Reached XP level 24. HP: 194/203 MP: 29/29
 64001 | Shoals:2 | Noticed Polyphemus
 64019 | Shoals:2 | HP: 46/203 [death yak[Polyphemus] (6)]
 64024 | Shoals:2 | Killed Polyphemus
 64026 | Shoals:2 | HP: 35/304 [water nymph/the raging water (7)]
 64037 | Shoals:2 | HP: 31/304 [merfolk impaler/demon trident (10)]
 64950 | Shoals:3 | Reached skill level 20 in Fighting
 65068 | Shoals:3 | Found a frozen archway.
 65116 | IceCv    | Entered an ice cave
 65740 | IceCv    | Reached skill level 6 in Transmutations
 65999 | IceCv    | Reached skill level 17 in Crossbows
 66162 | IceCv    | Identified Hauchurch's Reference Book on Evil Snow (You found it in an ice cave)
 66528 | Shoals:3 | Learned a level 6 spell: Statue Form
 66708 | Shoals:4 | Entered Level 4 of the Shoals
 67212 | Shoals:4 | Identified Etehepel's Incunabulum of Toxic Ignition
 67405 | Shoals:4 | Identified the Papyrus of Stolen Souls (You found it on level 4 of the Shoals)
 67639 | Shoals:4 | Noticed Ilsuiw
 67648 | Shoals:4 | Killed Ilsuiw
 67656 | Shoals:4 | Reached skill level 7 in Transmutations
 68032 | Shoals:4 | Got a barnacled rune of Zot
 68171 | Shoals:4 | Got a pair of ichor-stained boots
 68182 | Shoals:4 | Identified the -3 pair of boots of the Failed Coup {rPois Int+3} (You found it on level 4 of the Shoals)
 68752 | Depths:1 | Entered Level 1 of the Depths
 69028 | Depths:1 | Reached skill level 8 in Transmutations
 69044 | Depths:1 | Noticed the Enchantress
 69050 | Depths:1 | Killed the Enchantress
 69050 | Depths:1 | Reached skill level 18 in Crossbows
 69117 | Depths:1 | Got a faerie dragon armour
 69162 | Depths:1 | Identified the +3 faerie dragon armour {Int+4} (You took it off the Enchantress on level 1 of the Depths)
 69199 | Depths:1 | Found a one-way gate to the infinite horrors of the Abyss.
 69252 | Depths:1 | Reached skill level 1 in Earth Magic
 69266 | Depths:1 | Reached XP level 25. HP: 183/212 MP: 29/29
 69269 | Depths:1 | Reached skill level 2 in Earth Magic
 69701 | Depths:1 | Found a stormy altar of Qazlal.
 69956 | Depths:1 | Found a gateway to Hell.
 70132 | Depths:1 | Reached skill level 9 in Transmutations
 70134 | Depths:1 | Found a one-way gate leading to the halls of Pandemonium.
 70231 | Depths:2 | Reached skill level 3 in Earth Magic
 70735 | Depths:2 | Identified Kuenn's Volume of Translocation and Protection
 70895 | Depths:2 | Reached skill level 1 in Spellcasting
 70908 | Depths:2 | Reached skill level 4 in Earth Magic
 70918 | Depths:2 | Reached skill level 2 in Spellcasting
 71271 | Depths:2 | Reached skill level 3 in Spellcasting
 71500 | Depths:2 | Got a slimy ring mail
 71563 | Depths:2 | Reached skill level 4 in Spellcasting
 71563 | Depths:2 | Reached skill level 5 in Earth Magic
 71607 | Depths:2 | Reached skill level 10 in Transmutations
 71612 | Depths:2 | Reached skill level 11 in Dodging
 71869 | Depths:2 | Reached skill level 5 in Spellcasting
 72080 | Depths:2 | Identified the +4 ring mail of Okhuini {Str-3 Slay+5} (You found it on level 2 of the Depths)
 72110 | Depths:2 | Reached skill level 6 in Earth Magic
 72114 | Depths:2 | Reached skill level 6 in Spellcasting
 72776 | Depths:2 | Reached skill level 7 in Spellcasting
 72876 | Depths:2 | Learned a level 3 spell: Regeneration
 73095 | Depths:2 | Learned a level 1 spell: Apportation
 73314 | Depths:2 | Reached skill level 7 in Earth Magic
 73726 | Depths:2 | Reached XP level 26. HP: 118/219 MP: 30/34
 73930 | Depths:3 | Reached skill level 11 in Transmutations
 73932 | Depths:3 | Noticed Frederick
 73936 | Depths:3 | Killed Frederick
 73967 | Depths:3 | Got a flickering brass ring
 73981 | Depths:3 | Identified the ring of Perfectionism {rC+ Str+5 Dex+3} (You found it on level 3 of the Depths)
 74070 | Depths:3 | Reached skill level 8 in Earth Magic
 74343 | Depths:3 | Reached skill level 12 in Dodging
 74639 | Depths:3 | Reached skill level 1 in Necromancy
 74823 | Depths:3 | Noticed a juggernaut
 74835 | Depths:3 | Killed a juggernaut
 74835 | Depths:3 | Reached skill level 2 in Necromancy
 74835 | Depths:3 | Reached skill level 9 in Earth Magic
 75560 | Depths:2 | Reached skill level 3 in Necromancy
 75781 | Depths:4 | Got a spiked plate armour
 75787 | Depths:4 | Identified the cursed +1 plate armour of the Jolly Wonders {rN++ Str+4} (You found it on level 4 of the Depths)
 75810 | Depths:4 | Found a stormy altar of Qazlal.
 75903 | Depths:4 | Reached skill level 4 in Necromancy
 75903 | Depths:4 | Reached skill level 10 in Earth Magic
 76082 | Depths:4 | Reached skill level 5 in Necromancy
 76185 | Depths:4 | Identified the Incunabulum of Envenoming
 76285 | Depths:4 | Reached skill level 11 in Earth Magic
 76302 | Depths:4 | Found a burning altar of Makhleb.
 76343 | Depths:4 | Reached skill level 13 in Dodging
 76347 | Depths:4 | Reached skill level 6 in Necromancy
 76437 | Depths:4 | Reached XP level 27. HP: 226/226 MP: 30/34
 76446 | Depths:4 | Found a glowing silver altar of Zin.
 76671 | Depths:4 | Found an iron altar of Okawaru.
 76673 | Depths:4 | Found a gateway to a ziggurat.
 76751 | Depths:4 | Got an ancient cloak
 76762 | Depths:4 | Identified the cursed +0 cloak of Depression {Str-5 Dex+5 Stlth+} (You found it on level 4 of the Depths)
 76893 | Depths:4 | Reached skill level 7 in Necromancy
 77285 | Depths:5 | Entered Level 5 of the Depths
 77292 | Depths:5 | Reached skill level 9 in Invocations
 77618 | Depths:5 | Reached skill level 10 in Invocations
 77642 | Depths:5 | Reached skill level 14 in Dodging
 77756 | Depths:5 | Found a gate to the Realm of Zot.
 77930 | Depths:5 | Reached skill level 11 in Invocations
 78137 | Depths:5 | Noticed a juggernaut
 78152 | Depths:5 | Killed a juggernaut
 78413 | Depths:5 | Noticed a juggernaut
 78419 | Depths:5 | Killed a juggernaut
 78419 | Depths:5 | Reached skill level 12 in Invocations
 79081 | Depths:4 | Reached skill level 15 in Dodging
 79716 | Vaults:5 | Entered Level 5 of the Vaults
 79723 | Vaults:5 | Reached skill level 13 in Invocations
 79821 | Vaults:4 | Reached skill level 14 in Invocations
 79967 | Vaults:5 | Reached skill level 16 in Dodging
 79973 | Vaults:5 | Reached skill level 15 in Invocations
 80311 | Vaults:5 | Identified a scroll of acquirement
 80397 | Vaults:5 | Reached skill level 16 in Invocations
 80592 | Vaults:5 | Got a jewelled plate armour
 80593 | Vaults:5 | Identified the +4 plate armour of Spite {+Inv rN+ Str-4} (You found it on level 5 of the Vaults)
 80708 | Vaults:5 | Reached skill level 17 in Dodging
 80728 | Vaults:5 | Got a faintly glowing pewter ring
 80730 | Vaults:5 | Identified the ring of the Harvest {rElec rF+ rC- rN+ Dex+3} (You took it off a tengu reaver on level 5 of the Vaults)
 80772 | Vaults:5 | Got a smoking scale mail
 80773 | Vaults:5 | Identified the +2 scale mail of Honesty {Dex+2} (You found it on level 5 of the Vaults)
 80795 | Vaults:5 | Got a wavering silver ring
 80797 | Vaults:5 | Identified the ring "Caenoj" {-Tele rF+ rC+ MP+9 Int+4} (You found it on level 5 of the Vaults)
 80826 | Vaults:5 | Got a dull robe
 80827 | Vaults:5 | Identified the +1 robe of Zaddetz {*Contam Regen+ Dex+7} (You took it off a deep elf sorcerer on level 5 of the Vaults)
 80969 | Vaults:5 | Reached skill level 17 in Invocations
 81199 | Vaults:5 | Identified Hamuf's Tome of Orientation (You found it on level 5 of the Vaults)
 81221 | Vaults:5 | Got a flickering golden ring
 81223 | Vaults:5 | Identified the cursed ring of Iqeot {rElec Dex-4} (You found it on level 5 of the Vaults)
 81354 | Vaults:5 | Got a silver rune of Zot
 81368 | Vaults:5 | Identified Punenloce's Handbook of Earthen Curses (You found it on level 5 of the Vaults)
 82445 | Zot:1    | Entered Level 1 of the Realm of Zot
 82572 | Zot:1    | Reached skill level 18 in Dodging
 83087 | Zot:1    | Reached skill level 19 in Dodging
 83856 | Zot:2    | Reached skill level 20 in Dodging
 84438 | Zot:3    | Reached skill level 21 in Dodging
 84672 | Zot:3    | Got a distressingly furry chain mail
 84758 | Zot:3    | Identified the +7 chain mail of Failure {Str+5 Int+2} (You found it on level 3 of the Realm of Zot)
 84905 | Zot:3    | Gained mutation: You can spit weak poison. [potion of beneficial mutation]
 85675 | Zot:4    | Got a bloodstained plate armour
 85686 | Zot:4    | Identified the cursed +1 plate armour of Mirth {Str-5 Int+4 SInv} (You found it on level 4 of the Realm of Zot)
 85755 | Zot:4    | Reached skill level 12 in Transmutations
 85902 | Zot:4    | Got a pair of spiked boots
 85913 | Zot:4    | Identified the +0 pair of boots of Serendipity {rElec rC- Stlth+} (You found it on level 4 of the Realm of Zot)
 86422 | Zot:5    | Entered Level 5 of the Realm of Zot
 86462 | Zot:5    | Reached skill level 13 in Transmutations
 87058 | Depths:4 | Reached skill level 14 in Transmutations
 87537 | Crypt:1  | Entered Level 1 of the Crypt
 87654 | Crypt:1  | Reached skill level 13 in Armour
 87709 | Crypt:1  | Noticed Margery
 87719 | Crypt:1  | Killed Margery
 87719 | Crypt:1  | Reached skill level 10 in Shields
 88050 | Crypt:1  | Reached skill level 11 in Shields
 88275 | Crypt:1  | Noticed a greater mummy
 88278 | Crypt:1  | Noticed Khufu
 88283 | Crypt:1  | Killed a greater mummy
 88283 | Crypt:1  | Reached skill level 14 in Armour
 88288 | Crypt:1  | Killed Khufu
 88288 | Crypt:1  | Reached skill level 12 in Shields
 88328 | Crypt:1  | Got a warped golden ring
 88335 | Crypt:1  | Got a pair of pitted boots
 88348 | Crypt:1  | Identified the +0 pair of boots of Xouxuas {rElec MR- Dex+2 Stlth-} (You found it on level 1 of the Crypt)
 88360 | Crypt:1  | Identified the ring "Ganunwuel" {rElec rPois rC+ Str+4} (You took it off Khufu on level 1 of the Crypt)
 88800 | Crypt:2  | Got an opalescent robe
 88807 | Crypt:2  | Noticed Jory
 88824 | Crypt:2  | Killed Jory
 88862 | Crypt:2  | Identified the cursed +0 robe of Insecurity {rElec rN+ Str-5 Int+4} (You found it on level 2 of the Crypt)
 88988 | Crypt:2  | Reached skill level 13 in Shields
 89262 | Crypt:2  | Reached skill level 15 in Armour
 89430 | Crypt:3  | Entered Level 3 of the Crypt
 89549 | Crypt:3  | Noticed Xtahua
 89558 | Crypt:3  | Killed Xtahua
 89749 | Crypt:3  | Found a basalt altar of Yredelemnul.
 89775 | Crypt:3  | Reached skill level 14 in Shields
 89983 | Crypt:3  | Reached skill level 16 in Armour
 90117 | Crypt:3  | Reached skill level 15 in Shields
 90279 | Crypt:3  | Found a staircase to the Tomb.
 90292 | Crypt:3  | Identified Buelatur's Disquisition on Fiery Conjuration
 90494 | Crypt:3  | Learned a level 8 spell: Necromutation
 90495 | Tomb:1   | Entered Level 1 of the Tomb of the Ancients
 91490 | Tomb:1   | Reached skill level 8 in Necromancy
 91595 | Tomb:1   | Got a pitted turquoise ring
 91600 | Tomb:1   | Identified the ring of Xom's Castigation {+Inv rN++ MR+ Str-4 Slay-6} (You found it on level 1 of the Tomb of the Ancients)
 91840 | Tomb:1   | Reached skill level 9 in Necromancy
 92257 | Tomb:2   | Noticed a greater mummy
 92257 | Tomb:2   | Noticed a greater mummy
 92258 | Tomb:2   | Noticed a greater mummy
 92263 | Tomb:1   | Reached skill level 15 in Transmutations
 92266 | Tomb:2   | Noticed Jorgrun
 92267 | Tomb:2   | Noticed a greater mummy
 92464 | Tomb:1   | Killed a greater mummy
 92465 | Tomb:1   | Killed a greater mummy
 92479 | Tomb:1   | Reached skill level 10 in Necromancy
 92549 | Tomb:1   | Killed a greater mummy
 92550 | Tomb:1   | Killed a greater mummy
 92629 | Tomb:1   | Killed Jorgrun
 93038 | Tomb:1   | Noticed a greater mummy
 93040 | Tomb:1   | Noticed a greater mummy
 93045 | Tomb:1   | Killed a greater mummy
 93105 | Tomb:1   | Killed a greater mummy
 93105 | Tomb:1   | Reached skill level 11 in Necromancy
 93105 | Tomb:1   | Reached skill level 16 in Transmutations
 93112 | Tomb:1   | Noticed a greater mummy
 93125 | Tomb:1   | Killed a greater mummy
 93171 | Tomb:1   | Noticed a greater mummy
 93177 | Tomb:1   | Noticed a greater mummy
 93177 | Tomb:1   | Killed a greater mummy
 93188 | Tomb:1   | Killed a greater mummy
 93200 | Tomb:1   | Noticed a greater mummy
 93210 | Tomb:1   | Killed a greater mummy
 93213 | Tomb:1   | Noticed a greater mummy
 93217 | Tomb:1   | Killed a greater mummy
 93230 | Tomb:1   | Noticed a greater mummy
 93242 | Tomb:1   | Noticed a greater mummy
 93243 | Tomb:1   | Identified a +0 rod of shadows (13/13) (You took it off a skeletal warrior on level 2 of the Crypt)
 93253 | Tomb:1   | Killed a greater mummy
 93253 | Tomb:1   | Reached skill level 12 in Necromancy
 93255 | Tomb:1   | Killed a greater mummy
 93328 | Tomb:1   | Noticed a greater mummy
 93328 | Tomb:1   | Noticed a greater mummy
 93336 | Tomb:1   | Killed a greater mummy
 93340 | Tomb:1   | Killed a greater mummy
 93340 | Tomb:1   | Reached skill level 17 in Transmutations
 93401 | Tomb:1   | Noticed a greater mummy
 93403 | Tomb:1   | Killed a greater mummy
 93410 | Tomb:1   | Noticed a greater mummy
 93418 | Tomb:1   | Killed a greater mummy
 93440 | Tomb:1   | Noticed a greater mummy
 93451 | Tomb:1   | Noticed a greater mummy
 93453 | Tomb:1   | Noticed a greater mummy
 93453 | Tomb:1   | Killed a greater mummy
 93457 | Tomb:1   | Killed a greater mummy
 93457 | Tomb:1   | Reached skill level 13 in Necromancy
 93461 | Tomb:1   | Killed a greater mummy
 93499 | Tomb:1   | Noticed a greater mummy
 93509 | Tomb:1   | Killed a greater mummy
 93598 | Tomb:1   | Noticed a greater mummy
 93603 | Tomb:1   | Killed a greater mummy
 93675 | Tomb:2   | Got a polished scale mail
 93676 | Tomb:2   | Identified the +3 scale mail of the Iron Devil {+Blink Str+3} (You took it off a mummy priest on level 2 of the Tomb of the Ancients)
 93742 | Tomb:3   | Entered Level 3 of the Tomb of the Ancients
 93757 | Tomb:3   | Reached skill level 18 in Transmutations
 93984 | Tomb:3   | Noticed a greater mummy
 93985 | Tomb:3   | Noticed a greater mummy
 93985 | Tomb:3   | Reached skill level 14 in Necromancy
 93989 | Tomb:3   | Noticed a greater mummy
 94084 | Tomb:3   | Noticed a greater mummy
 94085 | Tomb:3   | Noticed a greater mummy
 94085 | Tomb:3   | Noticed a greater mummy
 94091 | Tomb:2   | Killed a greater mummy
 94121 | Tomb:3   | Noticed a greater mummy
 94210 | Tomb:2   | Killed a greater mummy
 94266 | Tomb:2   | Killed a greater mummy
 94322 | Tomb:2   | Killed a greater mummy
 94418 | Tomb:2   | Killed a greater mummy
 94418 | Tomb:2   | Reached skill level 19 in Transmutations
 94420 | Tomb:2   | HP: 72/293 [??? (14)]
 94427 | Tomb:2   | Killed a greater mummy
 94427 | Tomb:2   | Reached skill level 15 in Necromancy
 94545 | Tomb:2   | Killed a greater mummy
 94577 | Tomb:3   | Noticed a greater mummy
 94590 | Tomb:3   | Killed a greater mummy
 94700 | Tomb:3   | Noticed a greater mummy
 94711 | Tomb:3   | Killed a greater mummy
 94803 | Tomb:3   | Identified Cigotuvi's Reference Book on Transmutation
 94817 | Tomb:3   | Got a scintillating glass ring
 94819 | Tomb:3   | Identified the ring of Quere {rElec Str-2 Dex+2 SInv} (You found it on level 3 of the Tomb of the Ancients)
 94829 | Tomb:3   | Identified the Almanac of Moulding and Envenoming
 94842 | Tomb:3   | Identified Guarott's Handbook of Toxic Enchantment
 94845 | Tomb:3   | Got a fine tin amulet
 94846 | Tomb:3   | Identified the amulet of the Sun {rCorr rN+ Str+2 Int+2} (You found it on level 3 of the Tomb of the Ancients)
 94906 | Tomb:3   | Got a scorched turquoise ring
 94908 | Tomb:3   | Identified the ring of Nihilism {MR+ MP-9 Dex+4 Stlth-} (You found it on level 3 of the Tomb of the Ancients)
 94969 | Tomb:3   | Got a golden rune of Zot
 95939 | Lair:1   | Upgraded the game from 0.17-a0-1887-g3e50df6 to 0.17-a0-1900-g45e8110
 96130 | Hell     | Entered the Vestibule of Hell
 96143 | Hell     | Noticed Geryon
 96195 | Hell     | Killed Geryon
 96314 | Hell     | Found a gateway to the decaying netherworld of Tartarus.
 96336 | Hell     | Reached skill level 16 in Necromancy
 96399 | Hell     | Reached skill level 20 in Transmutations
 96436 | Hell     | Found a gateway to the ashen valley of Gehenna.
 96563 | Hell     | Found a gateway to the Iron City of Dis.
 96606 | Hell     | Found a gateway to the freezing wastes of Cocytus.
 97049 | Slime:1  | Entered Level 1 of the Pits of Slime
 97488 | Slime:2  | You fall through a shaft for 2 floors!
 97499 | Slime:4  | Reached skill level 17 in Necromancy
 98284 | Slime:2  | Gained mutation: You occasionally shout uncontrollably at your foes. [a shining eye]
 98286 | Slime:2  | Gained mutation: Potions and wands are less effective at restoring your health. [a shining eye]
 98614 | Slime:4  | Reached skill level 18 in Necromancy
 99255 | Lair:1   | Lost mutation: You can spit weak poison. [potion of cure mutation]
 99255 | Lair:1   | Lost mutation: You occasionally shout uncontrollably at your foes. [potion of cure mutation]
 99255 | Lair:1   | Lost mutation: Potions and wands are less effective at restoring your health. [potion of cure mutation]
 99955 | Slime:6  | Entered Level 6 of the Pits of Slime
 99960 | Slime:6  | Reached skill level 19 in Necromancy
100462 | Slime:6  | Noticed the royal jelly
100468 | Slime:6  | Killed the royal jelly
100468 | Slime:6  | Reached skill level 20 in Necromancy
100510 | Slime:6  | Got a steaming plate armour
100513 | Slime:6  | Got a scintillating granite ring
100525 | Slime:6  | Identified the ring of Cowum {+/*Tele rElec rPois} (You found it on level 6 of the Pits of Slime)
100547 | Slime:6  | Identified the +4 plate armour of Hopscotch {rCorr Int+6} (You found it on level 6 of the Pits of Slime)
100553 | Slime:6  | Got a pair of ichor-stained boots
100564 | Slime:6  | Identified the -2 pair of boots "Qibyorr" {+Inv rElec rF+} (You found it on level 6 of the Pits of Slime)
100617 | Slime:6  | Got a slimy robe
100628 | Slime:6  | Identified the +0 robe "Tidugoza" {Regen+} (You found it on level 6 of the Pits of Slime)
100690 | Slime:6  | Got a faintly glowing morningstar
100691 | Slime:6  | Identified the +4 morningstar "Sefaica" {crush, *Corrode Int+5 Dex+3} (You found it on level 6 of the Pits of Slime)
100700 | Slime:6  | Got a crystal great sword
100701 | Slime:6  | Identified the +9 great sword "Qurcheant" {speed, rN+ Str+3 Int+5} (You found it on level 6 of the Pits of Slime)
100720 | Slime:6  | Got a slimy rune of Zot
100747 | Slime:6  | Got a faintly glowing plate armour
100758 | Slime:6  | Identified the +6 plate armour "Zuosch" {-Cast *Confuse rN+ Regen+} (You found it on level 6 of the Pits of Slime)
101622 | Geh:1    | Entered Level 1 of Gehenna
101747 | Geh:2    | HP: 40/226 [Brimstone Fiend/blast of hellfire[the effects of Hell] (32)]
102136 | Geh:7    | Entered Level 7 of Gehenna
102273 | Geh:7    | Reached skill level 21 in Transmutations
102483 | Geh:7    | Reached skill level 21 in Necromancy
103036 | Geh:7    | Noticed the Serpent of Hell
103049 | Geh:7    | Killed the Serpent of Hell
103317 | Geh:7    | Reached skill level 22 in Transmutations
103566 | Geh:7    | Reached skill level 19 in Axes
103761 | Geh:7    | Got a smoking triple crossbow
103836 | Geh:7    | Identified the +7 triple crossbow "Ycwoad" {penet, MP-9 Int+3 Dex+7} (You found it on level 7 of Gehenna)
103866 | Geh:7    | Reached skill level 21 in Fighting
103956 | Geh:7    | Noticed Asmodeus
103975 | Geh:7    | Killed Asmodeus
104144 | Geh:7    | Got an obsidian rune of Zot
104451 | Coc:1    | Entered Level 1 of Cocytus
104545 | Coc:2    | Reached skill level 20 in Axes
104828 | Coc:3    | Reached skill level 22 in Fighting
105123 | Coc:7    | Entered Level 7 of Cocytus
105321 | Coc:7    | Reached skill level 2 in Evocations
105429 | Coc:7    | Reached skill level 3 in Evocations
105441 | Coc:7    | Reached skill level 4 in Evocations
105516 | Coc:7    | Reached skill level 5 in Evocations
105597 | Coc:7    | Reached skill level 6 in Evocations
105654 | Coc:7    | Got an encrusted chain mail
105658 | Coc:7    | Identified the cursed +1 chain mail "Siybant" {rPois Dex+7} (You found it on level 7 of Cocytus)
105857 | Coc:7    | Reached skill level 17 in Armour
106062 | Coc:7    | Reached skill level 23 in Fighting
106079 | Coc:7    | Noticed Antaeus
106450 | Coc:7    | Reached skill level 18 in Armour
106700 | Coc:7    | Killed Antaeus
107066 | Coc:7    | Got an icy rune of Zot
107072 | Coc:7    | Identified the Grimoire of the Frostbite
107226 | Coc:7    | Reached skill level 24 in Fighting
107314 | Coc:7    | Reached skill level 19 in Armour
107530 | Tar:1    | Entered Level 1 of Tartarus
107603 | Tar:1    | Reached skill level 8 in Stealth
107900 | Tar:1    | Reached skill level 9 in Stealth
108513 | Tar:3    | Reached skill level 10 in Stealth
108805 | Tar:4    | Reached skill level 20 in Armour
108887 | Tar:4    | Reached skill level 11 in Stealth
109073 | Tar:6    | Reached skill level 19 in Crossbows
109559 | Tar:7    | Entered Level 7 of Tartarus
109622 | Tar:7    | Reached skill level 12 in Stealth
109656 | Tar:7    | Noticed an ancient lich
109666 | Tar:7    | Killed an ancient lich
109934 | Tar:7    | Reached skill level 13 in Stealth
110018 | Tar:7    | Noticed an ancient lich
110027 | Tar:7    | Killed an ancient lich
110171 | Tar:7    | Reached skill level 21 in Armour
110178 | Tar:7    | Got a vibrating zirconium amulet
110223 | Tar:7    | Identified Eppuneas's Guide on Warped Malediction
110233 | Tar:7    | Identified the amulet "Vappann" {rCorr Slay+3} (You took it off a skeletal warrior on level 7 of Tartarus)
110247 | Tar:7    | Reached skill level 14 in Stealth
110354 | Tar:7    | Noticed Ereshkigal
110452 | Tar:7    | Reached skill level 20 in Crossbows
110517 | Tar:7    | Killed Ereshkigal
110553 | Tar:7    | Reached skill level 15 in Stealth
110564 | Tar:7    | Got a bone rune of Zot
110860 | Tar:7    | Reached skill level 16 in Stealth
110947 | Tar:7    | Got a warped turquoise ring
110949 | Tar:7    | Got an encrusted broad axe
110956 | Tar:7    | Identified the +4 broad axe of the Vendetta {freeze, +Rage Dex+5 Stlth-} (You found it on level 7 of Tartarus)
110958 | Tar:7    | Got a warped scale mail
110977 | Tar:7    | Identified the cursed +1 scale mail of Sideg {Str+5} (You found it on level 7 of Tartarus)
110992 | Tar:7    | Identified the ring of Ynibibif {+Inv rF- rN++ Str+2 Stlth-} (You found it on level 7 of Tartarus)
111200 | Tar:7    | Reached skill level 17 in Stealth
111220 | Tar:7    | Identified Vehumet's Incunabulum of Confrontation
111661 | Dis:1    | Entered Level 1 of the Iron City of Dis
112007 | Dis:1    | Reached skill level 21 in Crossbows
112055 | Dis:1    | Reached skill level 12 in Charms
112370 | Dis:3    | Reached skill level 13 in Charms
112519 | Dis:4    | Reached skill level 18 in Stealth
112829 | Dis:7    | Entered Level 7 of the Iron City of Dis
112829 | Dis:7    | Found a huge runed gate.
112836 | Dis:7    | Found a huge runed gate.
112837 | Dis:7    | Found a huge runed gate.
112934 | Dis:7    | Found a huge runed gate.
112934 | Dis:7    | Found a huge runed gate.
112934 | Dis:7    | Found a huge runed gate.
112938 | Dis:7    | Found a huge runed gate.
112939 | Dis:7    | Found a huge runed gate.
112939 | Dis:7    | Found a huge runed gate.
112939 | Dis:7    | Found a huge runed gate.
112939 | Dis:7    | Found a huge runed gate.
112939 | Dis:7    | Found a huge runed gate.
112950 | Dis:7    | Found a huge runed gate.
112950 | Dis:7    | Found a huge runed gate.
112970 | Dis:7    | Reached skill level 14 in Charms
113265 | Dis:7    | Found a huge runed gate.
113265 | Dis:7    | Found a huge runed gate.
113265 | Dis:7    | Found a huge runed gate.
113265 | Dis:7    | Found a huge runed gate.
113270 | Dis:7    | Found a huge runed gate.
113270 | Dis:7    | Found a huge runed gate.
113274 | Dis:7    | Found a huge runed gate.
113283 | Dis:7    | Found a huge runed gate.
113283 | Dis:7    | Found a huge runed gate.
113283 | Dis:7    | Found a huge runed gate.
113283 | Dis:7    | Found a huge runed gate.
113283 | Dis:7    | Found a huge runed gate.
113283 | Dis:7    | Found a huge runed gate.
113283 | Dis:7    | Found a huge runed gate.
113284 | Dis:7    | Found a huge runed gate.
113297 | Dis:7    | Found a huge runed gate.
113297 | Dis:7    | Found a huge runed gate.
113297 | Dis:7    | Found a huge runed gate.
113297 | Dis:7    | Found a huge runed gate.
113297 | Dis:7    | Found a huge runed gate.
113309 | Dis:7    | Found a huge runed gate.
113309 | Dis:7    | Found a huge runed gate.
113353 | Dis:7    | Reached skill level 19 in Stealth
113363 | Dis:7    | Reached skill level 15 in Charms
113939 | Dis:7    | Reached skill level 22 in Crossbows
114002 | Dis:7    | Reached skill level 16 in Charms
114523 | Dis:7    | Reached skill level 20 in Stealth
115128 | Dis:7    | Reached skill level 17 in Charms
115400 | Dis:7    | Got an ichor-stained ice dragon armour {rC++, rF-}
115405 | Dis:7    | Identified the +8 ice dragon armour of Veddemni {+Inv rElec rF- rC++, rC++, rF-} (You found it on level 7 of the Iron City of Dis)
115513 | Dis:7    | Reached skill level 21 in Stealth
115531 | Dis:7    | Got a ripped robe
115751 | Dis:7    | Noticed Dispater
115945 | Dis:7    | Reached skill level 21 in Axes
116336 | Dis:7    | Killed Dispater
116336 | Dis:7    | Reached skill level 23 in Crossbows
116478 | Dis:7    | Got a heavily runed chain mail
116484 | Dis:7    | Got a transparent ivory amulet
116486 | Dis:7    | Got an iron rune of Zot
116502 | Dis:7    | Identified a +1 pair of boots of running (You found it on level 7 of the Iron City of Dis)
116731 | Hell     | Identified the +9 chain mail of Serendipity {Dex+5} (You found it on level 7 of the Iron City of Dis)
116751 | Hell     | Identified the +2 robe of the Demon Prince {rPois MR- Regen+ Dex+3} (You found it on level 7 of the Iron City of Dis)
116776 | Hell     | Identified the amulet "Wauvehua" {rMut rElec Dex-3 SInv} (You found it on level 7 of the Iron City of Dis)
116825 | Depths:1 | Voluntarily entered the Abyss.
117191 | Abyss:2  | Found a corrupted altar of Lugonu.
117375 | Abyss:3  | Identified the Compendium of the Entourage (You found it on level 3 of the Abyss)
117517 | Abyss:3  | Got an abyssal rune of Zot
117550 | Abyss:3  | Found a corrupted altar of Lugonu.
117629 | Abyss:3  | Found a shimmering altar of Xom.
117667 | Depths:1 | Escaped the Abyss
117729 | Pan      | Entered Pandemonium
117729 | Pan      | Noticed Qoherim the pandemonium lord
117732 | Pan      | Reached skill level 22 in Axes
117744 | Pan      | Killed Qoherim the pandemonium lord
117861 | Pan      | Reached skill level 22 in Stealth
117868 | Pan      | Found an exit through the horrors of the Abyss.
117919 | Pan      | Noticed Rewiuvvo the pandemonium lord
117931 | Pan      | Killed Rewiuvvo the pandemonium lord
117966 | Pan      | Got a demonic rune of Zot
118260 | Pan      | Noticed Lutiv the pandemonium lord
118265 | Pan      | Killed Lutiv the pandemonium lord
118646 | Pan      | Found an exit through the horrors of the Abyss.
118738 | Pan      | Found an exit through the horrors of the Abyss.
118781 | Pan      | Reached skill level 23 in Axes
118925 | Pan      | Noticed Siaqyblu the pandemonium lord
118934 | Pan      | Killed Siaqyblu the pandemonium lord
118939 | Pan      | Reached skill level 23 in Stealth
118982 | Pan      | Reached skill level 24 in Crossbows
118994 | Pan      | Entered the realm of Mnoleg.
119437 | Pan      | Noticed Mnoleg
119541 | Pan      | Killed Mnoleg
119557 | Pan      | Got a glowing rune of Zot
119695 | Pan      | Found an exit through the horrors of the Abyss.
119773 | Pan      | Found a gateway to a ziggurat.
119806 | Pan      | Found an exit through the horrors of the Abyss.
119824 | Pan      | Found a gateway to a ziggurat.
119962 | Pan      | Found an exit through the horrors of the Abyss.
119999 | Pan      | Noticed Rutinope the pandemonium lord
120011 | Pan      | Killed Rutinope the pandemonium lord
120011 | Pan      | Reached skill level 24 in Stealth
120044 | Pan      | Reached skill level 24 in Axes
120248 | Pan      | Noticed Waziluf the pandemonium lord
120259 | Pan      | Killed Waziluf the pandemonium lord
120332 | Pan      | Found an exit through the horrors of the Abyss.
120468 | Pan      | Entered the realm of Cerebov.
120627 | Pan      | Noticed Cerebov
120701 | Pan      | Killed Cerebov
120950 | Pan      | Got a flickering silver ring
120952 | Pan      | Identified the ring "Gackyosu" {*Drain +Inv +Fly rF+ Dex+3} (You found it in Pandemonium)
120967 | Pan      | Identified a +7 rod of inaccuracy (13/13) (You found it in Pandemonium)
120989 | Pan      | Got a smoking brass ring
120990 | Pan      | Identified the ring of Fatigue {+Blink Int+3 Stlth+} (You found it in Pandemonium)
121046 | Pan      | Got a transparent bronze ring
121047 | Pan      | Identified the ring of Lenoprob {Ice Int+2} (You found it in Pandemonium)
121120 | Pan      | Got a shimmering scale mail
121121 | Pan      | Identified the +6 scale mail "Teutt" {*Corrode rC+++ Str+2 Int-4} (You found it in Pandemonium)
121125 | Pan      | Got an ebony broad axe
121126 | Pan      | Identified the +11 broad axe of Vushasemm {freeze, Int+4} (You found it in Pandemonium)
121160 | Pan      | Got a fiery rune of Zot
121406 | Pan      | Identified a +1 rod of clouds (12/12) (You found it in Pandemonium)
121469 | Pan      | Reached skill level 25 in Crossbows
121515 | Pan      | Entered the realm of Lom Lobon.
121594 | Pan      | Noticed Lom Lobon
121641 | Pan      | Reached skill level 25 in Stealth
121826 | Pan      | Killed Lom Lobon
121854 | Pan      | Got a magical rune of Zot
122146 | Pan      | Found an exit through the horrors of the Abyss.
122164 | Pan      | Entered the realm of Gloorx Vloq.
122339 | Pan      | Noticed Gloorx Vloq
122566 | Pan      | Killed Gloorx Vloq
122566 | Pan      | Reached skill level 25 in Axes
122716 | Pan      | Got a dark rune of Zot
122886 | Pan      | Found an exit through the horrors of the Abyss.
123344 | Pan      | Noticed Inenual the pandemonium lord
123355 | Pan      | Killed Inenual the pandemonium lord
123650 | Pan      | Found an exit through the horrors of the Abyss.
123660 | Pan      | Took an exit into the Abyss.
123660 | Abyss:1  | Escaped into the Abyss
123660 | Abyss:1  | Found a corrupted altar of Lugonu.
123682 | Depths:1 | Escaped the Abyss
123881 | Depths:4 | Fell from the grace of Cheibriados
123881 | Depths:4 | Became a worshipper of Makhleb the Destroyer
126387 | Dis:7    | Acquired Makhleb's first power
126921 | Lair:1   | Learned a level 5 spell: Silence
127068 | Depths:1 | Voluntarily entered the Abyss.
127445 | Abyss:5  | Entered Level 5 of the Abyss
127502 | Abyss:5  | Reached skill level 22 in Necromancy
127522 | Abyss:5  | Acquired Makhleb's second power
127620 | Abyss:5  | Acquired Makhleb's third power
127663 | Abyss:5  | Reached skill level 26 in Axes
127734 | Abyss:5  | Acquired Makhleb's fourth power
127760 | Abyss:5  | Gained mutation: You are surrounded by a mild repulsion field (EV +2). [a neqoxec]
127762 | Abyss:5  | trelanon: why on earth are you on A5
127775 | Abyss:5  | trelanon: what kind of punishment is this
127796 | Abyss:5  | Reached skill level 23 in Transmutations
127798 | Abyss:5  | achirane: i need to lvl up some skill
127884 | Abyss:5  | Acquired Makhleb's fifth power
127905 | Abyss:5  | trelanon: You know, A4 is pretty good for grinding too
127907 | Abyss:5  | trelanon: A5 is usually just suicide
127907 | Abyss:5  | achirane: yeah i see now..
127916 | Abyss:5  | trelanon: and the fact you can't teleport is really something
127917 | Abyss:5  | trelanon: I'd spam some summons and run for my life honestly
127917 | Abyss:5  | achirane: yeah i 'm going to leave this floor, if i can...
127917 | Abyss:5  | trelanon: also why did chei act up
127917 | Abyss:5  | trelanon: where you with chei before
127919 | Abyss:5  | achirane: yep
127949 | Abyss:5  | trelanon: there you go
127952 | Depths:1 | Escaped the Abyss
127953 | Depths:1 | trelanon: don't die while I'm away
127954 | Depths:1 | trelanon: GL
127961 | Depths:1 | Voluntarily entered the Abyss.
128292 | Abyss:1  | Reached skill level 23 in Necromancy
128544 | Abyss:1  | Gained mutation: Armour fits poorly on your strangely shaped body. [a neqoxec]
128595 | Abyss:1  | Gained mutation: Your spells are a little easier to cast, but a little less powerful. [a cacodemon]
128858 | Abyss:2  | Found a corrupted altar of Lugonu.
128916 | Abyss:2  | Found a corrupted altar of Lugonu.
128927 | Abyss:3  | Found a corrupted altar of Lugonu.
129124 | Abyss:3  | Reached skill level 24 in Transmutations
129144 | Abyss:3  | Was forgiven by Cheibriados
129153 | Abyss:3  | Found a corrupted altar of Lugonu.
129974 | Abyss:3  | Reached skill level 24 in Necromancy
130033 | Abyss:3  | Reached skill level 1 in Hexes
130080 | Abyss:3  | Reached skill level 2 in Hexes
130090 | Abyss:3  | Reached skill level 8 in Spellcasting
130118 | Abyss:3  | Found a roughly hewn altar of Beogh.
130158 | Abyss:3  | Reached skill level 3 in Hexes
130362 | Abyss:3  | Reached skill level 4 in Hexes
130619 | Abyss:3  | Reached skill level 5 in Hexes
130684 | Abyss:3  | Reached skill level 9 in Spellcasting
130718 | Abyss:3  | Found a corrupted altar of Lugonu.
130742 | Abyss:3  | Reached skill level 25 in Transmutations
130831 | Abyss:3  | Found a corrupted altar of Lugonu.
130946 | Abyss:3  | Found a sparkling altar of Nemelex Xobeh.
130962 | Abyss:3  | Found a sparkling altar of Nemelex Xobeh.
130982 | Abyss:3  | Found a basalt altar of Yredelemnul.
131057 | Abyss:3  | Reached skill level 6 in Hexes
131233 | Abyss:3  | Reached skill level 7 in Hexes
131414 | Abyss:3  | Reached skill level 10 in Spellcasting
131650 | Abyss:3  | Reached skill level 8 in Hexes
132010 | Abyss:3  | Reached skill level 9 in Hexes
132178 | Abyss:3  | Reached skill level 11 in Spellcasting
132291 | Abyss:3  | Reached skill level 10 in Hexes
132618 | Abyss:3  | Reached skill level 11 in Hexes
132627 | Abyss:3  | Found a corrupted altar of Lugonu.
132771 | Abyss:3  | Reached skill level 12 in Spellcasting
132826 | Abyss:3  | Found a shadowy altar of Dithmenos.
132927 | Abyss:3  | Noticed an ancient lich
132932 | Abyss:3  | Killed an ancient lich
132932 | Abyss:3  | Reached skill level 12 in Hexes
133373 | Abyss:3  | Reached skill level 13 in Spellcasting
133529 | Abyss:3  | Reached skill level 13 in Hexes
133964 | Abyss:3  | Reached skill level 14 in Hexes
134148 | Abyss:3  | Found a corrupted altar of Lugonu.
134262 | Abyss:3  | Reached skill level 14 in Spellcasting
134542 | Abyss:3  | Reached skill level 15 in Hexes
134616 | Abyss:3  | Found a corrupted altar of Lugonu.
134865 | Abyss:3  | Got a shimmering shield
134950 | Abyss:3  | Found a corrupted altar of Lugonu.
134966 | Abyss:3  | Found a sacrificial altar of Ru.
135081 | Abyss:3  | Reached skill level 15 in Spellcasting
135202 | Abyss:3  | Identified the +0 shield of the Blacksmith {-Tele rCorr Str+10} (You found it on level 3 of the Abyss)
135257 | Abyss:3  | Learned a level 8 spell: Borgnjor's Revivification
135277 | Abyss:3  | Reached skill level 16 in Hexes
135862 | Abyss:3  | Reached skill level 17 in Hexes
135876 | Abyss:3  | Reached skill level 16 in Spellcasting
135946 | Abyss:3  | Found a snail-covered altar of Cheibriados.
136563 | Abyss:3  | Reached skill level 18 in Hexes
136849 | Abyss:3  | Reached skill level 17 in Spellcasting
136898 | Abyss:3  | Found a corrupted altar of Lugonu.
137763 | Abyss:3  | Reached skill level 19 in Hexes
137962 | Abyss:3  | Got a pitted scale mail
138057 | Abyss:3  | Reached skill level 18 in Spellcasting
138711 | Abyss:3  | Got a crude executioner's axe
138714 | Abyss:3  | Identified the +7 executioner's axe "Pugiawon" {vamp, *Corrode rN++ Str+6} (You found it on level 3 of the Abyss)
138719 | Abyss:3  | Identified the +6 scale mail of Eternal Vigilance {+Blink rC+} (You found it on level 3 of the Abyss)
138910 | Abyss:3  | Reached skill level 20 in Hexes
138981 | Depths:1 | Escaped the Abyss
139160 | D:11     | Found an iron altar of Okawaru.
139170 | D:11     | Killed a centaur warrior
139237 | Lair:1   | Learned a level 6 spell: Darkness
139248 | Lair:1   | Learned a level 4 spell: Passage of Golubria
139395 | Lair:7   | Learned a level 8 spell: Discord
139772 | Elf:3    | Learned a level 1 spell: Infusion
139775 | Elf:3    | Learned a level 2 spell: Song of Slaying
140332 | Vaults:5 | Learned a level 5 spell: Aura of Abjuration
140761 | Lair:1   | Got a bloodstained shield
140772 | Lair:1   | Identified the +3 shield of Gallantry {Int+6 Stlth+} (You acquired it on level 1 of the Lair of Beasts)
141018 | Zig:1    | Entered Level 1 of a ziggurat
141028 | Zig:2    | Entered Level 2 of a ziggurat
141034 | Zig:2    | Reached skill level 1 in Summonings
141044 | Zig:2    | Got a distressingly furry ring mail
141051 | Zig:3    | Entered Level 3 of a ziggurat
141060 | Zig:3    | Reached skill level 2 in Summonings
141100 | Zig:4    | Entered Level 4 of a ziggurat
141103 | Zig:4    | Noticed an ancient lich
141104 | Zig:4    | Noticed an ancient lich
141113 | Zig:4    | Killed an ancient lich
141113 | Zig:4    | Reached skill level 4 in Summonings
141114 | Zig:4    | Killed an ancient lich
141114 | Zig:4    | Reached skill level 5 in Summonings
141178 | Zig:5    | Entered Level 5 of a ziggurat
141199 | Zig:5    | Reached skill level 6 in Summonings
141217 | Zig:6    | Entered Level 6 of a ziggurat
141231 | Zig:6    | Reached skill level 7 in Summonings
141285 | Zig:6    | Reached skill level 9 in Summonings
141286 | Zig:6    | Lost mutation: Armour fits poorly on your strangely shaped body. [potion of cure mutation]
141286 | Zig:6    | Lost mutation: Your spells are a little easier to cast, but a little less powerful. [potion of cure mutation]
141286 | Zig:6    | Lost mutation: You are surrounded by a mild repulsion field (EV +2). [potion of cure mutation]
141287 | Zig:6    | Gained mutation: You have a beak for a mouth. [potion of beneficial mutation]
141290 | Zig:7    | Entered Level 7 of a ziggurat
141331 | Zig:7    | Identified Acsirgh's Disquisition on Mutagenic Good Luck
141361 | Zig:8    | Entered Level 8 of a ziggurat
141416 | Zig:9    | Entered Level 9 of a ziggurat
141426 | Zig:9    | Reached skill level 10 in Summonings
141465 | Zig:9    | Reached skill level 11 in Summonings
141466 | Zig:9    | Reached skill level 12 in Summonings
141469 | Zig:10   | Entered Level 10 of a ziggurat
141477 | Zig:10   | Noticed Pimiram the pandemonium lord
141478 | Zig:10   | Noticed Anor Nul the pandemonium lord
141478 | Zig:10   | Noticed Olasoni the pandemonium lord
141493 | Zig:10   | Killed Pimiram the pandemonium lord
141502 | Zig:10   | Killed Olasoni the pandemonium lord
141509 | Zig:10   | Killed Anor Nul the pandemonium lord
141509 | Zig:10   | Reached skill level 21 in Hexes
141527 | Zig:10   | Identified the Volume of the Nocuous Compass
141602 | Zig:11   | Entered Level 11 of a ziggurat
141706 | Zig:11   | Identified the Incunabulum of Envenoming
141729 | Zig:12   | Entered Level 12 of a ziggurat
141736 | Zig:12   | Noticed Muubb the pandemonium lord
141751 | Zig:12   | Killed Muubb the pandemonium lord
141755 | Zig:12   | Reached skill level 22 in Hexes
141831 | Zig:12   | Got a pitted leather armour
141840 | Zig:12   | Got a smoking lead ring
141844 | Zig:12   | Identified the ring "Koasyr" {+Inv rElec rPois MR+ Int+2} (You found it on level 12 of a ziggurat)
141850 | Zig:13   | Entered Level 13 of a ziggurat
141883 | Zig:13   | Reached skill level 23 in Hexes
141923 | Zig:13   | Identified the Catalogue of the Mountains
141928 | Zig:13   | Identified Qilythe's Grimoire of Flight
141942 | Zig:13   | Reached skill level 24 in Hexes
142012 | Zig:14   | Entered Level 14 of a ziggurat
142022 | Zig:14   | Noticed an ancient lich
142034 | Zig:14   | Killed an ancient lich
142093 | Zig:14   | Got a bloodstained chain mail
142094 | Zig:14   | Identified the +0 chain mail "Nois Ici" {MR+ Regen+ MP-9 Str+4} (You found it on level 14 of a ziggurat)
142113 | Zig:14   | Gained mutation: You possess an exceptional clarity of mind. [potion of beneficial mutation]
142154 | Zig:15   | Entered Level 15 of a ziggurat
142179 | Zig:15   | Reached skill level 25 in Hexes
142209 | Zig:15   | Got a twitching wooden ring
142217 | Zig:15   | Got a fine platinum amulet
142219 | Zig:15   | Identified the ring of the Chupacabra {*Confuse rElec MR+ Dex-3 Stlth+} (You found it on level 15 of a ziggurat)
142223 | Zig:15   | Identified the amulet of Sakko {rMut Str+6 Int+4} (You found it on level 15 of a ziggurat)
142247 | Zig:16   | Entered Level 16 of a ziggurat
142376 | Zig:16   | Reached skill level 26 in Hexes
142477 | Zig:17   | Entered Level 17 of a ziggurat
142527 | Zig:17   | Reached skill level 25 in Fighting
142704 | Zig:17   | Got a jewelled cloak
142715 | Zig:17   | Identified the -1 cloak of the Shoals {Int+2 SInv} (You found it on level 17 of a ziggurat)
142734 | Zig:17   | Got a jewelled rapier
142735 | Zig:17   | Identified the +3 rapier "Ypocweli" {holy, Int+2} (You found it on level 17 of a ziggurat)
142739 | Zig:17   | Got a shimmering tin ring
142741 | Zig:17   | Identified the ring of Xuprec {*Drain rElec MR++ Dex+3} (You found it on level 17 of a ziggurat)
142782 | Zig:18   | Entered Level 18 of a ziggurat
142836 | Zig:18   | Noticed an orb of fire
142852 | Zig:18   | Noticed an orb of fire
142860 | Zig:18   | Killed an orb of fire
142868 | Zig:18   | Noticed an orb of fire
142869 | Zig:18   | Killed an orb of fire
142885 | Zig:18   | Killed an orb of fire
142923 | Zig:18   | Identified a +2 rod of ignition (14/14) (You found it on level 18 of a ziggurat)
142935 | Zig:18   | Identified a +1 rod of inaccuracy (11/11) (You found it on level 18 of a ziggurat)
142950 | Zig:18   | Identified the Guide on Icy Good Luck (You found it on level 18 of a ziggurat)
142988 | Zig:19   | Entered Level 19 of a ziggurat
143020 | Zig:19   | Reached skill level 26 in Fighting
143087 | Zig:19   | Identified the Handbook of Execration
143152 | Zig:20   | Entered Level 20 of a ziggurat
143197 | Zig:20   | Reached skill level 27 in Fighting
143197 | Zig:20   | Reached skill level 7 in Evocations
143308 | Zig:21   | Entered Level 21 of a ziggurat
143361 | Zig:21   | Reached skill level 8 in Evocations
143379 | Zig:21   | Reached skill level 9 in Evocations
143394 | Zig:21   | Reached skill level 10 in Evocations
143431 | Zig:21   | Reached skill level 11 in Evocations
143540 | Zig:21   | Gained mutation: You are resistant to electric shocks. [potion of beneficial mutation]
143608 | Zig:22   | Entered Level 22 of a ziggurat
143628 | Zig:22   | Noticed a greater mummy
143630 | Zig:22   | Noticed a greater mummy
143636 | Zig:22   | Noticed a greater mummy
143647 | Zig:22   | Killed a greater mummy
143647 | Zig:22   | Reached skill level 12 in Evocations
143647 | Zig:22   | Killed a greater mummy
143653 | Zig:22   | Killed a greater mummy
143669 | Zig:22   | Noticed a greater mummy
143672 | Zig:22   | Reached skill level 13 in Evocations
143673 | Zig:22   | Noticed a greater mummy
143678 | Zig:22   | Noticed a greater mummy
143689 | Zig:22   | Killed a greater mummy
143693 | Zig:22   | Noticed a greater mummy
143695 | Zig:22   | Noticed a greater mummy
143701 | Zig:22   | Noticed a greater mummy
143702 | Zig:22   | Noticed a greater mummy
143709 | Zig:22   | Killed a greater mummy
143719 | Zig:22   | Killed a greater mummy
143719 | Zig:22   | Reached skill level 14 in Evocations
143720 | Zig:22   | Killed a greater mummy
143722 | Zig:22   | Killed a greater mummy
143722 | Zig:22   | Killed a greater mummy
143722 | Zig:22   | Reached skill level 15 in Evocations
143726 | Zig:22   | Killed a greater mummy
143806 | Zig:22   | Got a pitted granite ring
143808 | Zig:22   | Identified the ring "Jicwiecwyb" {Str+4 Int+4 Slay+2} (You found it on level 22 of a ziggurat)
143816 | Zig:22   | Got a fine robe
143817 | Zig:22   | Identified the cursed +0 robe "Jaidittoypp" {rCorr Str+4} (You found it on level 22 of a ziggurat)
143832 | Zig:22   | Identified Dyrux's Reference Book on Execration
143867 | Zig:23   | Entered Level 23 of a ziggurat
143888 | Zig:23   | Noticed Suur the pandemonium lord
143888 | Zig:23   | Noticed Ebuff the pandemonium lord
143889 | Zig:23   | Noticed Gupno the pandemonium lord
143892 | Zig:23   | Noticed Pinoev Xoiri the pandemonium lord
143915 | Zig:23   | HP: 3/249 [Suur the pandemonium lord/dispel undead (65)]
143916 | Zig:23   | Mangled by Suur the pandemonium lord

Vault maps used:
D:1:      dpeg_arrival_line_fractal, supply_closet_lemuel
D:2:      lemuel_crystal_altar, elyvilon_altar_5, grunt_decor_fettered,
          nicolae_ru_awakened_eye
D:3:      okawaru_gym_becter, nicolae_ashenzari_panopticon, xom_butterflies
D:4:      first_bread
D:5:      yredelemnul_altar_generic, nicolae_overflow_hidden_temple,
          nicolae_gozag_zags_fifth_avenue, minmay_temple_entry_junction
D:6:      minmay_opposing_rooms, uniq_edmund, uniq_sigmund, uniq_blork_the_orc
D:7:      overflow_temple_1_default, lemuel_flame_loot_1
D:8:      serial_shops, shop, enter_bailey_2, uniq_joseph, uniq_prince_ribbit1
D:9:      lemuel_coloured_pillars_altar, serial_shops, shop_fountains,
          uniq_maurice, uniq_erica
D:10:     serial_curves, eino_curves_03, eino_curves_04, grunt_tengu_nest
D:11:     okawaru_arena_lexackson, lair_0_dummy, erik_orc_3
D:13:     hangedman_arrow_trap, serial_shops,
          nicolae_shop_competitors_out_of_business, eino_tiny_chamber,
          amethyst_killhole, minmay_tree_intersection, lemuel_tele_altar
D:14:     erik_vaults_2, minmay_misc_feat_room, lab_entry_generic
D:15:     grunt_enter_depths_giant_problem, minmay_misc_feat_cross
Lair:1:   st_stairs_10
Lair:2:   infiniplex_staircase_pool_2
Lair:3:   spider_nest_entry_webs, grunt_forest_large_clearings
Lair:4:   uniq_sonja
Lair:6:   elwin_shoals_entry_stream
Lair:7:   grunt_megastairs_4, lemuel_fruit_fields, lemuel_fruit_tree,
          uniq_josephine
Lair:8:   minmay_lair_end_enchanted_forest, slime_altar_1, serial_bayou_shore_a
Shoals:1: serial_shops, nicolae_shop_temple_entry_statues_fountains,
          uniq_roxanne
Shoals:2: nicolae_shoals_circle_sea_wall, hangedman_shoal_octodias,
          uniq_polyphemus
Shoals:3: portal_ice_cave_entry_imps
Shoals:4: shoals_end_simple, shoals_ilsuiw_alternative, ldierk_geyser
Spider:2: hangedman_spider_tarantella_strand, uniq_louise, uniq_arachne
Spider:3: uniq_mara, uniq_wiglaf
Spider:4: grunt_spider_rune_parallel, uniq_donald
Slime:4:  cheibrodos_slime_lost_civilization_6
Orc:1:    special_room, uniq_snorg, uniq_harold
Orc:2:    serial_shops, shop, uniq_maud
Orc:3:    nicolae_orc_pool_cavern
Orc:4:    st_orc_rangers, lightli_volcano_entry_magma_tube,
          guppyfry_library_mini
Elf:1:    serial_shops, nicolae_shop_overgrown_old_shop, orc_legates, kb_rosetta
Elf:2:    basic_altar, serial_sigils_hangedman_quiver
Elf:3:    minmay_elf_hall_dome
Vaults:1: vaults_standard_mumra_x, vaults_standard_mumra_lines,
          ontoclasm_vaults_spin, vaults_mumra_hexcomb, v_misc_28,
          hangedman_vaults_slice, ontoclasm_vaults_decontamination,
          grunt_vaults_diagonal, grunt_vaults_hallway_short, uniq_asterion,
          uniq_nikola
Vaults:2: v_alt_pattern_1, ontoclasm_vaults_bender, v_misc_15,
          nicolae_vaults_little_squares_1, grunt_vaults_twisty, v_pattern_1,
          minmay_crypt_entry_necro_gods, nicolae_vaults_triangles,
          ontoclasm_vaults_gateway, infiniplex_enter_wizlab_glasses,
          uniq_sojobo, uniq_mennas
Vaults:3: nicolae_vaults_big_ls, nicolae_vaults_theta, v_misc_22,
          grunt_vaults_bifocal, v_alt_pattern_5, v_misc_16,
          vaults_room_semicircle, nicolae_vaults_little_ls,
          nicolae_vaults_three_branches, hangedman_vaults_capsules,
          st_quartered_hall, v_alt_pattern_1, nicolae_vaults_asterisk,
          vaults_room_corners, vaults_dpeg_diagonal
Vaults:4: nicolae_vaults_little_squares_3, vaults_mumra_chevron_long, st_star,
          dpeg_vaults_monster_row, v_pattern_3, v_misc_32, v_rooms_2
Crypt:1:  ragdoll_tomb_raider, grunt_ministairs_4, uniq_margery
Crypt:2:  serial_sigils_hangedman_quiver, minmay_strange_pillars, uniq_jory
Crypt:3:  grunt_crypt_end_deaths_head, uniq_xtahua
Tomb:2:   uniq_jorgrun
Depths:1: rand_demon_pan_entry_9, abyss_entry, serial_sigils_hangedman_confine,
          pf_dread_powers_of_hell, lemuel_statue_altar, uniq_enchantress
Depths:2: hangedman_six_sided_sadism, minmay_fountain_box,
          hangedman_coc_ice_floe, grunt_pan_entry_sceptre, stair_cage_wide,
          minmay_hollow_rounded_squares
Depths:3: nicolae_whirlpool, hangedman_abyss_entry_splay, pan_entry,
          kennysheep_another_room, grunt_hell_horde, lemuel_flamethrower_2,
          uniq_frederick
Depths:4: grunt_profane_halls, hell_entry, abyss_entry
Depths:5: grunt_crosshair, abyss_entry, hell_entry,
          serial_sigils_hangedman_writhe, hangedman_abyss_or_decor_stagger,
          nrook_mini_vaults
Dis:1:    lightli_tower_of_babel, grunt_dis_stairs_iron_hall
Dis:2:    hangedman_dis_decor_blocks_talon
Dis:3:    hangedman_dis_monolith
Dis:7:    iron_city_of_dis, nrook_loot_triangle, door_vault
Geh:3:    lemuel_flamethrower_3
Geh:4:    hangedman_feature_mirror
Geh:6:    grunt_megastairs_5
Geh:7:    geh_old
Coc:2:    grunt_deathspiral_small
Coc:4:    minmay_fire_ice_demons
Coc:7:    coc_mu
Tar:4:    minmay_shadows
Tar:5:    nicolae_tar_cuneiform_bread
Tar:7:    tar_old
Zot:2:    basic_stair_grate_trap
Zot:3:    st_small_dragon_hoard_2, basic_stair_grate_trap
Zot:5:    lemuel_baited_zot_trap
Abyss:1:  evilmike_abyss_exit_plants, evilmike_abyss_exit_smiterflies
Abyss:2:  evilmike_abyss_exit_kraken
Abyss:3:  hangedman_cross_veins, evilmike_abyss_exit_mutagenic,
          abyss_furniture_001, evilmike_abyss_exit_vortex,
          hangedman_abyss_shoalhut, kilobyte_mutagenic_chamber
Abyss:5:  guppyfry_abyss_exit_glass_guarded, evilmike_abyss_exit_vortex,
          evilmike_abyss_exit_smiterflies
Pan:      evilmike_mini_pan_diamond, enter_ziggurat_pan_b,
          nicolae_pan_gloorx_vloqian_3, grunt_pan_in_and_out,
          nicolae_pan_sigil_itan, reaverb_pan_squares, lemuel_draining_boxes,
          pan_blood_fountain_small, nicolae_pan_sigil_obb, rand_demon_8,
          pan_blood_fountain, evilmike_mini_pan_doors, evilmike_mini_pan_doors,
          evilmike_mini_pan_possible_glass, pan_blood_fountain_small,
          nicolae_pan_sigil_itan, nicolae_pan_cerebovesque_2,
          nicolae_pan_strange_glyphs, rand_demon_7, grunt_pan_in_and_out,
          mnoleg_st, nicolae_pan_mnolegish_4, nicolae_pan_sigil_uleosi,
          evilmike_mini_pan_doors, enter_ziggurat_pan_b, nicolae_pan_diamonds,
          enter_ziggurat_pan_a, nicolae_pan_glass_arcs, pan_blood_fountain,
          nicolae_pan_sigil_uleosi, evilmike_mini_pan_doors,
          nicolae_pan_gloorx_vloqian_2, lemuel_hall_of_pain,
          nicolae_pan_mnolegish_4, cerebov, evilmike_mini_pan_corridor,
          nicolae_pan_strange_glyphs, lom_lobon, gloorx_vloq_grunt,
          pan_blood_fountain_2, pan_captured_pigsty, rand_demon_4,
          pan_blood_fountain_2
Zig:6:    ziggurat_pillar_centre_c
Zig:8:    ziggurat_loot_1
Zig:11:   ziggurat_pillar_centre_drop
Zig:16:   ziggurat_pillar_centre_dead_trees
Zig:17:   ziggurat_pillar_centre_oklobs
Lab:      nicolae_lab_dead_adventurers, labyrinth_lava_lair, nicolae_lab_garden
IceCv:    ice_cave_caverns_02
Volcano:  volcano_tomb
WizLab:   wizlab_demon

Action                   |  1- 3 |  4- 6 |  7- 9 | 10-12 | 13-15 | 16-18 | 19-21 | 22-24 | 25-27 || total
-------------------------+-------+-------+-------+-------+-------+-------+-------+-------+-------++-------
Melee: War axe           |   124 |    87 |   269 |   629 |    56 |   741 |  1201 |   427 |       ||  3534
       Scimitar          |       |       |       |     5 |    39 |     4 |       |       |       ||    48
       Battleaxe         |       |       |       |       |  1060 |   740 |       |   710 |  8040 || 10550
       Executioner's axe |       |       |       |       |       |       |       |       |  4838 ||  4838
 Fire: Hunting sling     |     3 |    72 |    56 |     5 |       |     9 |     4 |       |       ||   149
       Greatsling        |       |       |       |   117 |   185 |    29 |       |       |       ||   331
       Blowgun           |       |       |       |    27 |     5 |       |       |       |       ||    32
       Arbalest          |       |       |       |       |       |       |   102 |   648 |  1034 ||  1784
       Triple crossbow   |       |       |       |       |       |       |       |       |   254 ||   254
Throw: Stone             |    20 |     6 |       |     2 |    40 |       |       |       |       ||    68
       Tomahawk          |       |       |    16 |    15 |       |    82 |    32 |    13 |       ||   158
       Javelin           |       |       |       |    13 |   171 |    75 |     3 |    21 |   204 ||   487
       Throwing net      |       |       |       |       |       |     4 |     7 |       |    40 ||    51
 Cast: Repel Missiles    |       |       |       |       |       |       |     3 |     3 |     2 ||     8
       Stoneskin         |       |       |       |       |       |       |       |     2 |    46 ||    48
       Regeneration      |       |       |       |       |       |       |       |       |   260 ||   260
       Statue Form       |       |       |       |       |       |       |       |       |   125 ||   125
       Deflect Missiles  |       |       |       |       |       |       |       |       |    39 ||    39
       Necromutation     |       |       |       |       |       |       |       |       |   562 ||   562
       Discord           |       |       |       |       |       |       |       |       |    23 ||    23
       Darkness          |       |       |       |       |       |       |       |       |     8 ||     8
       Apportation       |       |       |       |       |       |       |       |       |     6 ||     6
       Song of Slaying   |       |       |       |       |       |       |       |       |     5 ||     5
       Silence           |       |       |       |       |       |       |       |       |     4 ||     4
       Aura of Abjuratio |       |       |       |       |       |       |       |       |     3 ||     3
       Infusion          |       |       |       |       |       |       |       |       |     2 ||     2
Invok: Bend Time         |       |       |     1 |     4 |       |     2 |     2 |       |     4 ||    13
       Slouch            |       |       |       |     9 |     3 |    13 |    17 |     8 |    33 ||    83
       Temporal Distorti |       |       |       |       |     1 |       |     1 |       |    21 ||    23
       Step From Time    |       |       |       |       |       |     1 |     1 |     1 |    13 ||    16
 Abil: Dig               |       |       |     4 |     3 |     6 |    10 |    32 |     6 |    19 ||    80
       Shaft Self        |       |       |     2 |       |       |       |       |       |       ||     2
       End Transformatio |       |       |       |       |       |       |       |       |    46 ||    46
       Evoke Flight      |       |       |       |       |       |       |       |       |    33 ||    33
       Stop Flying       |       |       |       |       |       |       |       |       |    10 ||    10
Evoke: Wand              |       |       |     7 |     1 |     4 |     4 |     2 |     3 |    31 ||    52
       Rod               |       |       |       |       |       |       |       |       |     6 ||     6
  Use: Scroll            |       |       |    11 |     9 |     7 |    11 |    12 |     7 |    98 ||   155
       Potion            |       |       |     3 |     4 |     3 |    19 |     7 |     1 |    28 ||    65
 Stab: Distracted        |       |       |       |     1 |       |     1 |     4 |       |   105 ||   111
       Sleeping          |       |       |       |       |     5 |     7 |       |       |    43 ||    55
       Held in net/web   |       |       |       |       |       |     3 |     4 |       |    19 ||    26
       Invisible         |       |       |       |       |       |     1 |       |       |       ||     1
       Confused          |       |       |       |       |       |       |       |       |     6 ||     6
       Petrifying        |       |       |       |       |       |       |       |       |     6 ||     6
       Petrified         |       |       |       |       |       |       |       |       |     5 ||     5
       Paralysed         |       |       |       |       |       |       |       |       |     1 ||     1
  Eat: Chunk             |     2 |     5 |     4 |    12 |    21 |    24 |    30 |    27 |    24 ||   149
       Pizza             |       |     1 |       |       |       |     1 |       |       |     7 ||     9
       Meat ration       |       |       |     1 |       |       |     1 |       |       |     9 ||    11
       Beef jerky        |       |       |       |       |       |       |     1 |       |    10 ||    11
       Royal jelly       |       |       |       |       |       |       |     1 |     1 |     5 ||     7
       Bread ration      |       |       |       |       |       |       |       |       |    14 ||    14
       Fruit             |       |       |       |       |       |       |       |       |     8 ||     8

Vault maps used:
D:1:      dpeg_arrival_line_fractal, supply_closet_lemuel
D:2:      lemuel_crystal_altar, elyvilon_altar_5, grunt_decor_fettered,
          nicolae_ru_awakened_eye
D:3:      okawaru_gym_becter, nicolae_ashenzari_panopticon, xom_butterflies
D:4:      first_bread
D:5:      yredelemnul_altar_generic, nicolae_overflow_hidden_temple,
          nicolae_gozag_zags_fifth_avenue, minmay_temple_entry_junction
D:6:      minmay_opposing_rooms, uniq_edmund, uniq_sigmund, uniq_blork_the_orc
D:7:      overflow_temple_1_default, lemuel_flame_loot_1
D:8:      serial_shops, shop, enter_bailey_2, uniq_joseph, uniq_prince_ribbit1
D:9:      lemuel_coloured_pillars_altar, serial_shops, shop_fountains,
          uniq_maurice, uniq_erica
D:10:     serial_curves, eino_curves_03, eino_curves_04, grunt_tengu_nest
D:11:     okawaru_arena_lexackson, lair_0_dummy, erik_orc_3
D:13:     hangedman_arrow_trap, serial_shops,
          nicolae_shop_competitors_out_of_business, eino_tiny_chamber,
          amethyst_killhole, minmay_tree_intersection, lemuel_tele_altar
D:14:     erik_vaults_2, minmay_misc_feat_room, lab_entry_generic
D:15:     grunt_enter_depths_giant_problem, minmay_misc_feat_cross
Lair:1:   st_stairs_10
Lair:2:   infiniplex_staircase_pool_2
Lair:3:   spider_nest_entry_webs, grunt_forest_large_clearings
Lair:4:   uniq_sonja
Lair:6:   elwin_shoals_entry_stream
Lair:7:   grunt_megastairs_4, lemuel_fruit_fields, lemuel_fruit_tree,
          uniq_josephine
Lair:8:   minmay_lair_end_enchanted_forest, slime_altar_1, serial_bayou_shore_a
Shoals:1: serial_shops, nicolae_shop_temple_entry_statues_fountains,
          uniq_roxanne
Shoals:2: nicolae_shoals_circle_sea_wall, hangedman_shoal_octodias,
          uniq_polyphemus
Shoals:3: portal_ice_cave_entry_imps
Shoals:4: shoals_end_simple, shoals_ilsuiw_alternative, ldierk_geyser
Spider:2: hangedman_spider_tarantella_strand, uniq_louise, uniq_arachne
Spider:3: uniq_mara, uniq_wiglaf
Spider:4: grunt_spider_rune_parallel, uniq_donald
Slime:4:  cheibrodos_slime_lost_civilization_6
Orc:1:    special_room, uniq_snorg, uniq_harold
Orc:2:    serial_shops, shop, uniq_maud
Orc:3:    nicolae_orc_pool_cavern
Orc:4:    st_orc_rangers, lightli_volcano_entry_magma_tube,
          guppyfry_library_mini
Elf:1:    serial_shops, nicolae_shop_overgrown_old_shop, orc_legates, kb_rosetta
Elf:2:    basic_altar, serial_sigils_hangedman_quiver
Elf:3:    minmay_elf_hall_dome
Vaults:1: vaults_standard_mumra_x, vaults_standard_mumra_lines,
          ontoclasm_vaults_spin, vaults_mumra_hexcomb, v_misc_28,
          hangedman_vaults_slice, ontoclasm_vaults_decontamination,
          grunt_vaults_diagonal, grunt_vaults_hallway_short, uniq_asterion,
          uniq_nikola
Vaults:2: v_alt_pattern_1, ontoclasm_vaults_bender, v_misc_15,
          nicolae_vaults_little_squares_1, grunt_vaults_twisty, v_pattern_1,
          minmay_crypt_entry_necro_gods, nicolae_vaults_triangles,
          ontoclasm_vaults_gateway, infiniplex_enter_wizlab_glasses,
          uniq_sojobo, uniq_mennas
Vaults:3: nicolae_vaults_big_ls, nicolae_vaults_theta, v_misc_22,
          grunt_vaults_bifocal, v_alt_pattern_5, v_misc_16,
          vaults_room_semicircle, nicolae_vaults_little_ls,
          nicolae_vaults_three_branches, hangedman_vaults_capsules,
          st_quartered_hall, v_alt_pattern_1, nicolae_vaults_asterisk,
          vaults_room_corners, vaults_dpeg_diagonal
Vaults:4: nicolae_vaults_little_squares_3, vaults_mumra_chevron_long, st_star,
          dpeg_vaults_monster_row, v_pattern_3, v_misc_32, v_rooms_2
Crypt:1:  ragdoll_tomb_raider, grunt_ministairs_4, uniq_margery
Crypt:2:  serial_sigils_hangedman_quiver, minmay_strange_pillars, uniq_jory
Crypt:3:  grunt_crypt_end_deaths_head, uniq_xtahua
Tomb:2:   uniq_jorgrun
Depths:1: rand_demon_pan_entry_9, abyss_entry, serial_sigils_hangedman_confine,
          pf_dread_powers_of_hell, lemuel_statue_altar, uniq_enchantress
Depths:2: hangedman_six_sided_sadism, minmay_fountain_box,
          hangedman_coc_ice_floe, grunt_pan_entry_sceptre, stair_cage_wide,
          minmay_hollow_rounded_squares
Depths:3: nicolae_whirlpool, hangedman_abyss_entry_splay, pan_entry,
          kennysheep_another_room, grunt_hell_horde, lemuel_flamethrower_2,
          uniq_frederick
Depths:4: grunt_profane_halls, hell_entry, abyss_entry
Depths:5: grunt_crosshair, abyss_entry, hell_entry,
          serial_sigils_hangedman_writhe, hangedman_abyss_or_decor_stagger,
          nrook_mini_vaults
Dis:1:    lightli_tower_of_babel, grunt_dis_stairs_iron_hall
Dis:2:    hangedman_dis_decor_blocks_talon
Dis:3:    hangedman_dis_monolith
Dis:7:    iron_city_of_dis, nrook_loot_triangle, door_vault
Geh:3:    lemuel_flamethrower_3
Geh:4:    hangedman_feature_mirror
Geh:6:    grunt_megastairs_5
Geh:7:    geh_old
Coc:2:    grunt_deathspiral_small
Coc:4:    minmay_fire_ice_demons
Coc:7:    coc_mu
Tar:4:    minmay_shadows
Tar:5:    nicolae_tar_cuneiform_bread
Tar:7:    tar_old
Zot:2:    basic_stair_grate_trap
Zot:3:    st_small_dragon_hoard_2, basic_stair_grate_trap
Zot:5:    lemuel_baited_zot_trap
Abyss:1:  evilmike_abyss_exit_plants, evilmike_abyss_exit_smiterflies
Abyss:2:  evilmike_abyss_exit_kraken
Abyss:3:  hangedman_cross_veins, evilmike_abyss_exit_mutagenic,
          abyss_furniture_001, evilmike_abyss_exit_vortex,
          hangedman_abyss_shoalhut, kilobyte_mutagenic_chamber
Abyss:5:  guppyfry_abyss_exit_glass_guarded, evilmike_abyss_exit_vortex,
          evilmike_abyss_exit_smiterflies
Pan:      evilmike_mini_pan_diamond, enter_ziggurat_pan_b,
          nicolae_pan_gloorx_vloqian_3, grunt_pan_in_and_out,
          nicolae_pan_sigil_itan, reaverb_pan_squares, lemuel_draining_boxes,
          pan_blood_fountain_small, nicolae_pan_sigil_obb, rand_demon_8,
          pan_blood_fountain, evilmike_mini_pan_doors, evilmike_mini_pan_doors,
          evilmike_mini_pan_possible_glass, pan_blood_fountain_small,
          nicolae_pan_sigil_itan, nicolae_pan_cerebovesque_2,
          nicolae_pan_strange_glyphs, rand_demon_7, grunt_pan_in_and_out,
          mnoleg_st, nicolae_pan_mnolegish_4, nicolae_pan_sigil_uleosi,
          evilmike_mini_pan_doors, enter_ziggurat_pan_b, nicolae_pan_diamonds,
          enter_ziggurat_pan_a, nicolae_pan_glass_arcs, pan_blood_fountain,
          nicolae_pan_sigil_uleosi, evilmike_mini_pan_doors,
          nicolae_pan_gloorx_vloqian_2, lemuel_hall_of_pain,
          nicolae_pan_mnolegish_4, cerebov, evilmike_mini_pan_corridor,
          nicolae_pan_strange_glyphs, lom_lobon, gloorx_vloq_grunt,
          pan_blood_fountain_2, pan_captured_pigsty, rand_demon_4,
          pan_blood_fountain_2
Zig:6:    ziggurat_pillar_centre_c
Zig:8:    ziggurat_loot_1
Zig:11:   ziggurat_pillar_centre_drop
Zig:16:   ziggurat_pillar_centre_dead_trees
Zig:17:   ziggurat_pillar_centre_oklobs
Lab:      nicolae_lab_dead_adventurers, labyrinth_lava_lair, nicolae_lab_garden
IceCv:    ice_cave_caverns_02
Volcano:  volcano_tomb
WizLab:   wizlab_demon

Table legend:
 A = Turns spent in this place as a percentage of turns spent in the entire game.
 B = Non-inter-level travel turns spent in this place as a percentage of non-inter-level travel turns spent in the entire game.
 C = Inter-level travel turns spent in this place as a percentage of turns spent in this place.
 D = Turns resting spent in this place as a percentage of non-inter-level travel turns spent in this place.
 E = Turns spent auto-exploring this place as a percentage of non-inter-level travel turns spent in this place.
 F = Non-inter-level travel turns spent in this place divided by the number of levels of this place that you've seen.
                   A       B       C       D       E      F
               +-------+-------+-------+-------+-------+----------------------
         Total | 100.0 | 100.0 |   0.7 |   1.9 |   2.4 | 486.7
       Dungeon |   8.4 |   8.3 |   1.4 |   2.0 |   6.5 | 415.6
          Lair |   7.5 |   7.5 |   1.3 |   1.1 |   3.2 | 698.8
        Shoals |   2.9 |   3.0 |   0.4 |   1.7 |   3.2 | 554.2
   Spider Nest |   3.5 |   3.5 |   0.8 |   4.4 |   5.6 | 649.8
    Slime Pits |   2.0 |   2.0 |   1.3 |   1.5 |   3.2 | 253.0
  Orcish Mines |   1.9 |   1.9 |   1.0 |   1.0 |   7.0 | 352.0
   Elven Halls |   5.6 |   5.6 |   0.5 |   1.0 |   0.5 | 1397.7
        Vaults |   9.2 |   9.1 |   1.2 |   2.2 |   1.9 | 1369.2
         Crypt |   2.8 |   2.8 |   1.1 |   1.0 |   4.3 | 694.0
          Tomb |   3.0 |   3.0 |   0.7 |   8.0 |   0.3 | 761.7
        Depths |   6.3 |   6.3 |   1.6 |   2.9 |   7.2 | 937.0
          Hell |   1.1 |   1.1 |   1.7 |   0.0 |   0.7 | 801.0
           Dis |   5.3 |   5.3 |   0.4 |   4.1 |   0.3 | 563.9
       Gehenna |   2.9 |   3.0 |   0.1 |   2.4 |   0.0 | 316.4
       Cocytus |   3.4 |   3.4 |   0.0 |   2.3 |   0.0 | 363.4
      Tartarus |   4.5 |   4.6 |   0.1 |   0.8 |   0.0 | 488.0
           Zot |   2.5 |   2.4 |   1.3 |   1.8 |   7.0 | 367.0
         Abyss |  16.4 |  16.5 |   0.0 |   0.0 |   1.1 | 953.6
   Pandemonium |   6.1 |   6.2 |   0.0 |   1.9 |   0.4 | 231.8
      Ziggurat |   2.8 |   2.8 |   0.0 |   1.8 |   0.0 |  92.0
     Labyrinth |   0.2 |   0.2 |   0.0 |   1.8 |   0.0 | 114.0
      Ice Cave |   0.7 |   0.7 |   0.0 |   3.5 |   0.0 | 516.0
       Volcano |   0.2 |   0.2 |   0.0 |   0.0 |   0.0 | 141.0
        Wizlab |   0.8 |   0.8 |   0.0 |   1.0 |   0.0 | 612.0
               +-------+-------+-------+-------+-------+----------------------

Table legend:
 A = Kills in this place as a percentage of kills in entire the game.
 B = Kills by you in this place as a percentage of kills by you in the entire game.
 C = Kills by friends in this place as a percentage of kills by friends in the entire game.
 D = Other kills in this place as a percentage of other kills in the entire game.
 E = Experience gained in this place as a percentage of experience gained in the entire game.
 F = Experience gained in this place divided by the number of levels of this place that you have seen.
                   A       B       C       D       E      F
               +-------+-------+-------+-------+-------+----------------------
         Total | 100.0 | 100.0 | 100.0 | 100.0 | 100.0 | 35421.9
       Dungeon |   6.2 |   6.4 |   0.0 |   0.0 |   1.4 | 5219.1
          Lair |   5.1 |   5.3 |   0.0 |   0.0 |   1.7 | 11798.2
        Shoals |   2.1 |   2.2 |   0.0 |   0.0 |   1.8 | 25130.5
   Spider Nest |   3.0 |   3.2 |   0.0 |   0.6 |   2.0 | 26728.5
    Slime Pits |   2.3 |   2.3 |   0.0 |   2.2 |   2.6 | 23213.5
  Orcish Mines |   2.4 |   2.5 |   0.0 |   0.6 |   0.3 | 3468.8
   Elven Halls |   1.9 |   2.0 |   0.0 |   0.6 |   1.8 | 32604.3
        Vaults |   7.3 |   7.4 |   0.0 |   7.2 |   8.8 | 96114.6
         Crypt |   3.1 |   3.2 |   0.0 |   0.6 |   3.6 | 66141.7
          Tomb |   3.3 |   3.4 |   0.0 |   2.2 |   5.9 | 107018.7
        Depths |   6.2 |   6.4 |   0.0 |   1.1 |   8.1 | 88432.6
          Hell |   0.9 |   0.9 |   0.0 |   0.6 |   1.0 | 56920.0
           Dis |   5.7 |   5.9 |   0.0 |   0.6 |   6.8 | 52952.1
       Gehenna |   4.0 |   4.2 |   0.0 |   0.0 |   4.5 | 35443.9
       Cocytus |   4.1 |   4.2 |   0.0 |   1.7 |   5.0 | 38845.1
      Tartarus |   5.4 |   5.7 |   0.0 |   0.0 |   5.7 | 44332.6
           Zot |   1.8 |   1.9 |   0.0 |   0.6 |   4.6 | 49720.6
         Abyss |  20.8 |  20.3 |   0.0 |  61.3 |  16.0 | 67140.3
   Pandemonium |   5.9 |   6.2 |   0.0 |   0.6 |   8.6 | 23467.7
      Ziggurat |   7.3 |   5.2 | 100.0 |  19.3 |   9.2 | 21845.1
     Labyrinth |   0.1 |   0.1 |   0.0 |   0.0 |   0.0 | 1259.0
      Ice Cave |   0.7 |   0.7 |   0.0 |   0.6 |   0.2 | 9903.0
       Volcano |   0.1 |   0.1 |   0.0 |   0.0 |   0.0 | 464.0
        Wizlab |   0.3 |   0.3 |   0.0 |   0.0 |   0.3 | 18906.0
               +-------+-------+-------+-------+-------+----------------------
